Workbook

Sheet MENU
A1: RELACIÓN COSTO BENEFICIO DE TRANSFUSION DE PLAQUETAS ESTANDAR VERSUS PLAQUETAS POR AFERESIS EN EL BANCO DE SANGRE DE LA CLINICA COLSANITAS S.A
A5: 1. | B5: POBLACION TRANSFUNDIDA CON PLAQUETAS ESTANDAR - PE - PERIODO ENERO 2009 - JUNIO 2010
A7: 2. | B7: POBLACION EXCLUIDA TRANSFUNDIDA CON PLAQUETAS ESTANDAR PE Y PLAQUETAFERESIS CUP ENERO 2009 - JUNIO 2010
A9: 3. | B9: POBLACION TRANSFUNDIDA CON PLAQUETAFERESIS - CUP - PERIODO ENERO 2009 - JUNIO 2010
A11: 4. | B11: PACIENTES SELECCIONADOS TRANSFUNDIDOS CON PLAQUETAS ESTANDAR
A13: 5. | B13: PACIENTES SELECCIONADOS TRANSFUNDIDOS CON PLAQUETAFERESIS CUP
A15: 6. | B15: PACIENTES QUE PRESENTARON REACCION ADVERSA A LA TRANSFUSION
A17: 7. | B17: COSTOS DIRECTOS E INDIRECTOS
A19: 8. | B19: COSTO DEL PROGRAMA TRANSFUSION CON PLAQUETAS ESTANDAR PE
A21: 9. | B21: COSTO DEL PROGRAMA TRANSFUSION CON PLAQUETAFERESIS CUP
A23: 10. | B23: ANALISIS DE COSTOS

Sheet 1. Ptes PE
A1: AÑO | B1: CLINICA | C1: PACIENTES | D1: No TRANSFUSIONES | E1: MES | F1: NOMBRE | G1: CUP - PE | H1: ID | I1: DX | J1: No PE | K1: CONTROL 1-6 H | L1: CONTROL 7-12H | M1: CONTROL>12 H | N1: SI RAT | O1: NO RAT | P1: COSTO DIRECTO | Q1: COSTO INDIRECTO
A2: 2009 | B2: CRS | C2: 30 | D2: =COUNTIF($F$2:$F$160,F2) -> 6 | E2: MAYO | F2: Paciente 26 | G2: =IF(ISERROR(VLOOKUP(F2,'2. CUP _PE filtra'!$G$2:$G$115,1,0)),"NO","SI") -> NO | H2: 20222931 | I2: SINDROME MIELODISPLASICO | J2: 8
A3: 2009 | B3: CRS | C3: 30 | D3: =COUNTIF($F$2:$F$160,F3) -> 6 | E3: MAYO | F3: Paciente 26 | G3: =IF(ISERROR(VLOOKUP(F3,'2. CUP _PE filtra'!$G$2:$G$115,1,0)),"NO","SI") -> NO | H3: 20222931 | I3: SINDROME MIELODISPLASICO | J3: 8
A4: 2009 | B4: CRS | C4: 30 | D4: =COUNTIF($F$2:$F$160,F4) -> 6 | E4: MAYO | F4: Paciente 26 | G4: =IF(ISERROR(VLOOKUP(F4,'2. CUP _PE filtra'!$G$2:$G$115,1,0)),"NO","SI") -> NO | H4: 20222931 | I4: SINDROME MIELODISPLASICO | J4: 7
A5: 2009 | B5: CRS | C5: 30 | D5: =COUNTIF($F$2:$F$160,F5) -> 6 | E5: MAYO | F5: Paciente 26 | G5: =IF(ISERROR(VLOOKUP(F5,'2. CUP _PE filtra'!$G$2:$G$115,1,0)),"NO","SI") -> NO | H5: 20222931 | I5: SINDROME MIELODISPLASICO | J5: 6
A6: 2009 | B6: CRS | C6: 30 | D6: =COUNTIF($F$2:$F$160,F6) -> 6 | E6: MAYO | F6: Paciente 26 | G6: =IF(ISERROR(VLOOKUP(F6,'2. CUP _PE filtra'!$G$2:$G$115,1,0)),"NO","SI") -> NO | H6: 20222931 | I6: SINDROME MIELODISPLASICO | J6: 8
A7: 2009 | B7: CRS | C7: 30 | D7: =COUNTIF($F$2:$F$160,F7) -> 6 | E7: MAYO | F7: Paciente 26 | G7: =IF(ISERROR(VLOOKUP(F7,'2. CUP _PE filtra'!$G$2:$G$115,1,0)),"NO","SI") -> NO | H7: 20222931 | I7: SINDROME MIELODISPLASICO | J7: 8
A8: 2009 | B8: CUC | C8: 1 | D8: =COUNTIF($F$2:$F$160,F8) -> 5 | E8: ABRIL | F8: Paciente 14 | G8: =IF(ISERROR(VLOOKUP(F8,'2. CUP _PE filtra'!$G$2:$G$115,1,0)),"NO","SI") -> NO | H8: 17056253 | I8: APLASIA MEDULAR | J8: 5
A9: 2009 | B9: CUC | C9: 1 | D9: =COUNTIF($F$2:$F$160,F9) -> 5 | E9: JULIO | F9: Paciente 14 | G9: =IF(ISERROR(VLOOKUP(F9,'2. CUP _PE filtra'!$G$2:$G$115,1,0)),"NO","SI") -> NO | H9: 17056253 | I9: PANCITOPENIA + APLASIA MEDULAR | J9: 5
A10: 2009 | B10: CUC | C10: 1 | D10: =COUNTIF($F$2:$F$160,F10) -> 5 | E10: JULIO | F10: Paciente 14 | G10: =IF(ISERROR(VLOOKUP(F10,'2. CUP _PE filtra'!$G$2:$G$115,1,0)),"NO","SI") -> NO | H10: 17056253 | I10: APLASIA MEDULAR | J10: 6
A11: 2009 | B11: CUC | C11: 1 | D11: =COUNTIF($F$2:$F$160,F11) -> 5 | E11: AGOSTO | F11: Paciente 14 | G11: =IF(ISERROR(VLOOKUP(F11,'2. CUP _PE filtra'!$G$2:$G$115,1,0)),"NO","SI") -> NO | H11: 17056253 | I11: APLASIA MEDULAR | J11: 6
A12: 2009 | B12: CUC | C12: 1 | D12: =COUNTIF($F$2:$F$160,F12) -> 5 | E12: AGOSTO | F12: Paciente 14 | G12: =IF(ISERROR(VLOOKUP(F12,'2. CUP _PE filtra'!$G$2:$G$115,1,0)),"NO","SI") -> NO | H12: 17056253 | I12: APLASIA MEDULAR | J12: 6
A13: 2010 | B13: CUC | C13: 21 | D13: =COUNTIF($F$2:$F$160,F13) -> 5 | E13: FEBRERO | F13: Paciente 19 | G13: =IF(ISERROR(VLOOKUP(F13,'2. CUP _PE filtra'!$G$2:$G$115,1,0)),"NO","SI") -> NO | H13: 19111136 | I13: LEUCEMIA MIELOIDE AGUDA | J13: 8
... A47: 2010 | B47: CUC | C47: 23 | D47: =COUNTIF($F$2:$F$160,F47) -> 2 | E47: ENERO | F47: Paciente 06 | G47: =IF(ISERROR(VLOOKUP(F47,'2. CUP _PE filtra'!$G$2:$G$115,1,0)),"NO","SI") -> NO | H47: 1911136 | I47: LEUCEMIA AGUDA | J47: 6
A48: 2009 | B48: CRS | C48: 24 | D48: =COUNTIF($F$2:$F$160,F48) -> 2 | F48: Paciente 50 | G48: =IF(ISERROR(VLOOKUP(F48,'2. CUP _PE filtra'!$G$2:$G$115,1,0)),"NO","SI") -> NO | H48: 52877828
A49: 2009 | B49: CRS | C49: 24 | D49: =COUNTIF($F$2:$F$160,F49) -> 2 | F49: Paciente 50 | G49: =IF(ISERROR(VLOOKUP(F49,'2. CUP _PE filtra'!$G$2:$G$115,1,0)),"NO","SI") -> NO | H49: 52877828
A50: 2010 | B50: CUC | C50: 39 | D50: =COUNTIF($F$2:$F$160,F50) -> 2 | E50: ABRIL | F50: Paciente 58 | G50: =IF(ISERROR(VLOOKUP(F50,'2. CUP _PE filtra'!$G$2:$G$115,1,0)),"NO","SI") -> NO | H50: 950803050 | I50: PURPURA TROMBOCITOPENICA | J50: 6
A51: 2010 | B51: CUC | C51: 39 | D51: =COUNTIF($F$2:$F$160,F51) -> 2 | E51: ABRIL | F51: Paciente 58 | G51: =IF(ISERROR(VLOOKUP(F51,'2. CUP _PE filtra'!$G$2:$G$115,1,0)),"NO","SI") -> NO | H51: 950803050 | I51: PURPURA TROMBOCITOPENICA | J51: 5
A52: 2009 | B52: CUC | C52: 43 | D52: =COUNTIF($F$2:$F$160,F52) -> 2 | E52: ABRIL | F52: Paciente 32 | G52: =IF(ISERROR(VLOOKUP(F52,'2. CUP _PE filtra'!$G$2:$G$115,1,0)),"NO","SI") -> NO | H52: 28942704 | I52: LINFOMA NO HODKING RECAIDA | J52: 4
A53: 2009 | B53: CUC | C53: 43 | D53: =COUNTIF($F$2:$F$160,F53) -> 2 | E53: ABRIL | F53: Paciente 32 | G53: =IF(ISERROR(VLOOKUP(F53,'2. CUP _PE filtra'!$G$2:$G$115,1,0)),"NO","SI") -> NO | H53: 28942704 | I53: LINFOMA NO HODKING | J53: 8
A54: 2009 | B54: CUC | C54: 50 | D54: =COUNTIF($F$2:$F$160,F54) -> 2 | E54: MAYO | F54: Paciente 42 | G54: =IF(ISERROR(VLOOKUP(F54,'2. CUP _PE filtra'!$G$2:$G$115,1,0)),"NO","SI") -> NO | H54: 41416467 | I54: PURPURA TROMBOCITOPENICA | J54: 5
A55: 2009 | B55: CUC | C55: 50 | D55: =COUNTIF($F$2:$F$160,F55) -> 2 | E55: MAYO | F55: Paciente 42 | G55: =IF(ISERROR(VLOOKUP(F55,'2. CUP _PE filtra'!$G$2:$G$115,1,0)),"NO","SI") -> NO | H55: 41416467 | I55: LEUCEMIA AGUDA | J55: 6
A56: 2009 | B56: CUC | C56: 2 | D56: =COUNTIF($F$2:$F$160,F56) -> 1 | E56: DICIEMBRE | F56: Paciente 45 | G56: =IF(ISERROR(VLOOKUP(F56,'2. CUP _PE filtra'!$G$2:$G$115,1,0)),"NO","SI") -> NO | H56: 41953248 | I56: PURPURA TROMBOCITOPENICA | J56: 6
A57: 2010 | B57: CUC | C57: 3 | D57: =COUNTIF($F$2:$F$160,F57) -> 1 | E57: FEBRERO | F57: Paciente 01 | G57: =IF(ISERROR(VLOOKUP(F57,'2. CUP _PE filtra'!$G$2:$G$115,1,0)),"NO","SI") -> NO | H57: 800 | I57: SINDROME MIELODISPLASICO | J57: 6
A58: 2009 | B58: CUC | C58: 4 | D58: =COUNTIF($F$2:$F$160,F58) -> 1 | E58: DICIEMBRE | F58: Paciente 47 | G58: =IF(ISERROR(VLOOKUP(F58,'2. CUP _PE filtra'!$G$2:$G$115,1,0)),"NO","SI") -> NO | H58: 52423220 | I58: PURPURA TROMBOCITOPENICA | J58: 6
A59: 2009 | B59: CUC | C59: 5 | D59: =COUNTIF($F$2:$F$160,F59) -> 1 | E59: JUNIO | F59: Paciente 51 | G59: =IF(ISERROR(VLOOKUP(F59,'2. CUP _PE filtra'!$G$2:$G$115,1,0)),"NO","SI") -> NO | H59: 53121997 | I59: LEUCEMIA AGUDA | J59: 5
A60: 2009 | B60: CUC | C60: 8 | D60: =COUNTIF($F$2:$F$160,F60) -> 1 | E60: OCTUBRE | F60: Paciente 23 | G60: =IF(ISERROR(VLOOKUP(F60,'2. CUP _PE filtra'!$G$2:$G$115,1,0)),"NO","SI") -> NO | H60: 20046428 | I60: SINDROME MIELODISPLASICO | J60: 10
A61: 2010 | B61: CUC | C61: 14 | D61: =COUNTIF($F$2:$F$160,F61) -> 1 | F61: Paciente 24 | G61: =IF(ISERROR(VLOOKUP(F61,'2. CUP _PE filtra'!$G$2:$G$115,1,0)),"NO","SI") -> NO | H61: 20175915 | I61: TROMBOCITOPENIA SECUNDARIA | J61: 6
A62: 2009 | B62: CUC | C62: 15 | D62: =COUNTIF($F$2:$F$160,F62) -> 1 | E62: JUNIO | F62: Paciente 29 | G62: =IF(ISERROR(VLOOKUP(F62,'2. CUP _PE filtra'!$G$2:$G$115,1,0)),"NO","SI") -> NO | H62: 20294769 | I62: PANCITOPENIA - NEUTROPENIA FEBRIL | J62: 4
A63: 2009 | B63: CRS | C63: 16 | D63: =COUNTIF($F$2:$F$160,F63) -> 1 | E63: ABRIL | F63: Paciente 22 | G63: =IF(ISERROR(VLOOKUP(F63,'2. CUP _PE filtra'!$G$2:$G$115,1,0)),"NO","SI") -> NO | H63: 20033325 | I63: PURPURA TROMBOCITOPENICA | J63: 7
A64: 2009 | B64: CUC | C64: 18 | D64: =COUNTIF($F$2:$F$160,F64) -> 1 | E64: ABRIL | F64: Paciente 35 | G64: =IF(ISERROR(VLOOKUP(F64,'2. CUP _PE filtra'!$G$2:$G$115,1,0)),"NO","SI") -> NO | H64: 32220077 | I64: LEUCEMIA AGUDA | J64: 6
A65: 2009 | B65: CRS | C65: 19 | D65: =COUNTIF($F$2:$F$160,F65) -> 1 | E65: DICIEMBRE | F65: Paciente 34 | G65: =IF(ISERROR(VLOOKUP(F65,'2. CUP _PE filtra'!$G$2:$G$115,1,0)),"NO","SI") -> NO | H65: 29640273 | I65: PANCITOPENIA | J65: 6
A66: 2010 | B66: CUC | C66: 20 | D66: =COUNTIF($F$2:$F$160,F66) -> 1 | E66: JUNIO | F66: Paciente 55 | G66: =IF(ISERROR(VLOOKUP(F66,'2. CUP _PE filtra'!$G$2:$G$115,1,0)),"NO","SI") -> NO | H66: 79874883 | I66: LEUCEMIA AGUDA | J66: 8
A67: 2009 | B67: CUC | C67: 22 | D67: =COUNTIF($F$2:$F$160,F67) -> 1 | E67: NOVIEMBRE | F67: Paciente 12 | G67: =IF(ISERROR(VLOOKUP(F67,'2. CUP _PE filtra'!$G$2:$G$115,1,0)),"NO","SI") -> NO | H67: 5390370 | I67: LEUCEMIA MIELOIDE AGUDA | J67: 8
A68: 2009 | B68: CRS | C68: 25 | D68: =COUNTIF($F$2:$F$160,F68) -> 1 | F68: Paciente 33 | G68: =IF(ISERROR(VLOOKUP(F68,'2. CUP _PE filtra'!$G$2:$G$115,1,0)),"NO","SI") -> NO | H68: 29631639
A69: 2009 | B69: CRS | C69: 26 | D69: =COUNTIF($F$2:$F$160,F69) -> 1 | F69: Paciente 66 | G69: =IF(ISERROR(VLOOKUP(F69,'2. CUP _PE filtra'!$G$2:$G$115,1,0)),"NO","SI") -> NO | H69: 96101909201
A70: 2009 | B70: CRS | C70: 27 | D70: =COUNTIF($F$2:$F$160,F70) -> 1 | F70: Paciente 25 | G70: =IF(ISERROR(VLOOKUP(F70,'2. CUP _PE filtra'!$G$2:$G$115,1,0)),"NO","SI") -> NO | H70: 20197486
A71: 2010 | B71: CUC | C71: 32 | D71: =COUNTIF($F$2:$F$160,F71) -> 1 | E71: ABRIL | F71: Paciente 30 | G71: =IF(ISERROR(VLOOKUP(F71,'2. CUP _PE filtra'!$G$2:$G$115,1,0)),"NO","SI") -> NO | H71: 21108711 | I71: SINDROME MIELODISPLASICO | J71: 6
A72: 2010 | B72: CUC | C72: 33 | D72: =COUNTIF($F$2:$F$160,F72) -> 1 | E72: ENERO | F72: Paciente 39 | G72: =IF(ISERROR(VLOOKUP(F72,'2. CUP _PE filtra'!$G$2:$G$115,1,0)),"NO","SI") -> NO | H72: 39820094 | I72: LINFOMA T | J72: 6
A73: 2009 | B73: CUC | C73: 34 | D73: =COUNTIF($F$2:$F$160,F73) -> 1 | E73: NOVIEMBRE | F73: Paciente 49 | G73: =IF(ISERROR(VLOOKUP(F73,'2. CUP _PE filtra'!$G$2:$G$115,1,0)),"NO","SI") -> NO | H73: 52518432 | I73: PURPURA TROMBOCITOPENICA | J73: 5
A74: 2010 | B74: CUC | C74: 38 | D74: =COUNTIF($F$2:$F$160,F74) -> 1 | E74: JUNIO | F74: Paciente 46 | G74: =IF(ISERROR(VLOOKUP(F74,'2. CUP _PE filtra'!$G$2:$G$115,1,0)),"NO","SI") -> NO | H74: 51811217 | I74: PURPURA TROMBOCITOPENICA | J74: 8
A75: 2009 | B75: CUC | C75: 40 | D75: =COUNTIF($F$2:$F$160,F75) -> 1 | E75: OCTUBRE | F75: Paciente 09 | G75: =IF(ISERROR(VLOOKUP(F75,'2. CUP _PE filtra'!$G$2:$G$115,1,0)),"NO","SI") -> NO | H75: 2932828 | I75: LINFOMA NO HODKING
A76: 2009 | B76: CRS | C76: 41 | D76: =COUNTIF($F$2:$F$160,F76) -> 1 | E76: OCTUBRE | F76: Paciente 11 | G76: =IF(ISERROR(VLOOKUP(F76,'2. CUP _PE filtra'!$G$2:$G$115,1,0)),"NO","SI") -> NO | H76: 4449080 | I76: SINDROME MIELODISPLASICO | J76: 5
A77: 2009 | B77: CUC | C77: 42 | D77: =COUNTIF($F$2:$F$160,F77) -> 1 | E77: SEPTIEMBRE | F77: Paciente 10 | G77: =IF(ISERROR(VLOOKUP(F77,'2. CUP _PE filtra'!$G$2:$G$115,1,0)),"NO","SI") -> NO | H77: 3096192 | I77: TROMBOCITOPENIA SEVERA | J77: 6
A78: 2010 | B78: CRS | C78: 47 | D78: =COUNTIF($F$2:$F$160,F78) -> 1 | E78: ABRIL | F78: Paciente 05 | G78: =IF(ISERROR(VLOOKUP(F78,'2. CUP _PE filtra'!$G$2:$G$115,1,0)),"NO","SI") -> NO | H78: 1793135 | I78: SINDROME MIELODISPLASICO | J78: 10
A79: 2009 | B79: CUC | C79: 48 | D79: =COUNTIF($F$2:$F$160,F79) -> 1 | E79: JULIO | F79: Paciente 43 | G79: =IF(ISERROR(VLOOKUP(F79,'2. CUP _PE filtra'!$G$2:$G$115,1,0)),"NO","SI") -> NO | H79: 41498720 | I79: PURPURA TROMBOCITOPENICA | J79: 2
A80: 2010 | B80: CRS | C80: 49 | D80: =COUNTIF($F$2:$F$160,F80) -> 1 | E80: MARZO | F80: Paciente 57 | G80: =IF(ISERROR(VLOOKUP(F80,'2. CUP _PE filtra'!$G$2:$G$115,1,0)),"NO","SI") -> NO | H80: 202993156 | I80: MIELOMA MULTIPLE | J80: 8
A81: 2009 | B81: CRS | C81: 51 | D81: =COUNTIF($F$2:$F$160,F81) -> 1 | E81: MAYO | F81: Paciente 65 | G81: =IF(ISERROR(VLOOKUP(F81,'2. CUP _PE filtra'!$G$2:$G$115,1,0)),"NO","SI") -> NO | H81: 94042703367 | I81: LEUCEMIA LINFOIDE AGUDA | J81: 6
A82: 2009 | B82: CRS | C82: 52 | D82: =COUNTIF($F$2:$F$160,F82) -> 1 | E82: OCTUBRE | F82: Paciente 59 | G82: =IF(ISERROR(VLOOKUP(F82,'2. CUP _PE filtra'!$G$2:$G$115,1,0)),"NO","SI") -> NO | H82: 1000612851 | I82: LEUCEMIA LINFOIDE AGUDA | J82: 4
A83: 2009 | B83: CRS | C83: 53 | D83: =COUNTIF($F$2:$F$160,F83) -> 1 | E83: JUNIO | F83: Paciente 41 | G83: =IF(ISERROR(VLOOKUP(F83,'2. CUP _PE filtra'!$G$2:$G$115,1,0)),"NO","SI") -> NO | H83: 41357180 | I83: PURPURA TROMBOCITOPENICA | J83: 10
A84: 2009 | B84: CRS | C84: 54 | D84: =COUNTIF($F$2:$F$160,F84) -> 1 | E84: SEPTIEMBRE | F84: Paciente 31 | G84: =IF(ISERROR(VLOOKUP(F84,'2. CUP _PE filtra'!$G$2:$G$115,1,0)),"NO","SI") -> NO | H84: 24921119 | I84: LEUCEMIA MIELOIDE CRONICA | J84: 7
A85: 2009 | B85: CUC | C85: 55 | D85: =COUNTIF($F$2:$F$160,F85) -> 1 | E85: JUNIO | F85: Paciente 03 | G85: =IF(ISERROR(VLOOKUP(F85,'2. CUP _PE filtra'!$G$2:$G$115,1,0)),"NO","SI") -> NO | H85: 82977 | I85: PANCITOPENIA | J85: 5
A86: 2009 | B86: CUC | C86: 56 | D86: =COUNTIF($F$2:$F$160,F86) -> 1 | E86: JUNIO | F86: Paciente 60 | G86: =IF(ISERROR(VLOOKUP(F86,'2. CUP _PE filtra'!$G$2:$G$115,1,0)),"NO","SI") -> NO | H86: 1018404578 | I86: PANCITOPENIA | J86: 6
A87: 2009 | B87: CRS | C87: 6 | D87: =COUNTIF($F$2:$F$160,F87) -> 20 | E87: NOVIEMBRE | F87: Paciente 16 | G87: =IF(ISERROR(VLOOKUP(F87,'2. CUP _PE filtra'!$G$2:$G$115,1,0)),"NO","SI") -> SI | H87: 19062997 | I87: SINDROME MIELODISPLASICO | J87: 4
... A125: 2010 | B125: CRS | C125: 31 | D125: =COUNTIF($F$2:$F$160,F125) -> 20 | E125: FEBRERO | F125: Paciente 56 | G125: =IF(ISERROR(VLOOKUP(F125,'2. CUP _PE filtra'!$G$2:$G$115,1,0)),"NO","SI") -> SI | H125: 86044123 | I125: LEUCEMIA LINFOIDE AGUDA | J125: 7
A126: 2010 | B126: CRS | C126: 6 | D126: =COUNTIF($F$2:$F$160,F126) -> 20 | E126: MARZO | F126: Paciente 16 | G126: =IF(ISERROR(VLOOKUP(F126,'2. CUP _PE filtra'!$G$2:$G$115,1,0)),"NO","SI") -> SI | H126: 19062997
A127: 2009 | B127: CUC | C127: 11 | D127: =COUNTIF($F$2:$F$160,F127) -> 7 | E127: SEPTIEMBRE | F127: Paciente 61 | G127: =IF(ISERROR(VLOOKUP(F127,'2. CUP _PE filtra'!$G$2:$G$115,1,0)),"NO","SI") -> SI | H127: 1018431871 | I127: LEUCEMIA LINFOIDE AGUDA | J127: 7
A128: 2009 | B128: CUC | C128: 11 | D128: =COUNTIF($F$2:$F$160,F128) -> 7 | E128: OCTUBRE | F128: Paciente 61 | G128: =IF(ISERROR(VLOOKUP(F128,'2. CUP _PE filtra'!$G$2:$G$115,1,0)),"NO","SI") -> SI | H128: 1018431871 | I128: LEUCEMIA LINFOIDE AGUDA | J128: 6
A129: 2009 | B129: CUC | C129: 11 | D129: =COUNTIF($F$2:$F$160,F129) -> 7 | E129: OCTUBRE | F129: Paciente 61 | G129: =IF(ISERROR(VLOOKUP(F129,'2. CUP _PE filtra'!$G$2:$G$115,1,0)),"NO","SI") -> SI | H129: 1018431871 | I129: LEUCEMIA LINFOIDE AGUDA | J129: 6
A130: 2010 | B130: CUC | C130: 11 | D130: =COUNTIF($F$2:$F$160,F130) -> 7 | E130: FEBRERO | F130: Paciente 61 | G130: =IF(ISERROR(VLOOKUP(F130,'2. CUP _PE filtra'!$G$2:$G$115,1,0)),"NO","SI") -> SI | H130: 1018431871 | I130: LEUCEMIA LINFOBLASTICA - | J130: 5
A131: 2010 | B131: CUC | C131: 11 | D131: =COUNTIF($F$2:$F$160,F131) -> 7 | E131: ABRIL | F131: Paciente 61 | G131: =IF(ISERROR(VLOOKUP(F131,'2. CUP _PE filtra'!$G$2:$G$115,1,0)),"NO","SI") -> SI | H131: 1018431871 | I131: LEUCEMIA LINFOBLASTICA AGUDA | J131: 6
A132: 2010 | B132: CUC | C132: 11 | D132: =COUNTIF($F$2:$F$160,F132) -> 7 | E132: ABRIL | F132: Paciente 61 | G132: =IF(ISERROR(VLOOKUP(F132,'2. CUP _PE filtra'!$G$2:$G$115,1,0)),"NO","SI") -> SI | H132: 1018431871 | I132: LEUCEMIA LINFOBLASTICA AGUDA | J132: 6
A133: 2009 | B133: CUC | C133: 11 | D133: =COUNTIF($F$2:$F$160,F133) -> 7 | E133: SEPTIEMBRE | F133: Paciente 61 | G133: =IF(ISERROR(VLOOKUP(F133,'2. CUP _PE filtra'!$G$2:$G$115,1,0)),"NO","SI") -> SI | H133: 1018431871 | I133: LEUCEMIA LINFOIDE AGUDA | J133: 6
A134: 2009 | B134: CRS | C134: 28 | D134: =COUNTIF($F$2:$F$160,F134) -> 7 | F134: Paciente 08 | G134: =IF(ISERROR(VLOOKUP(F134,'2. CUP _PE filtra'!$G$2:$G$115,1,0)),"NO","SI") -> SI | H134: 2869758
A135: 2010 | B135: CRS | C135: 46 | D135: =COUNTIF($F$2:$F$160,F135) -> 7 | E135: FEBRERO | F135: Paciente 21 | G135: =IF(ISERROR(VLOOKUP(F135,'2. CUP _PE filtra'!$G$2:$G$115,1,0)),"NO","SI") -> SI | H135: 19314402 | I135: MIELOMA MULTIPLE | J135: 7
A136: 2010 | B136: CRS | C136: 46 | D136: =COUNTIF($F$2:$F$160,F136) -> 7 | E136: MARZO | F136: Paciente 21 | G136: =IF(ISERROR(VLOOKUP(F136,'2. CUP _PE filtra'!$G$2:$G$115,1,0)),"NO","SI") -> SI | H136: 19314402 | I136: MIELOMA MULTIPLE | J136: 7
A137: 2010 | B137: CRS | C137: 46 | D137: =COUNTIF($F$2:$F$160,F137) -> 7 | E137: MARZO | F137: Paciente 21 | G137: =IF(ISERROR(VLOOKUP(F137,'2. CUP _PE filtra'!$G$2:$G$115,1,0)),"NO","SI") -> SI | H137: 19314402 | I137: MIELOMA MULTIPLE | J137: 7
A138: 2010 | B138: CRS | C138: 46 | D138: =COUNTIF($F$2:$F$160,F138) -> 7 | E138: MARZO | F138: Paciente 21 | G138: =IF(ISERROR(VLOOKUP(F138,'2. CUP _PE filtra'!$G$2:$G$115,1,0)),"NO","SI") -> SI | H138: 19314402 | I138: MIELOMA MULTIPLE | J138: 10
A139: 2010 | B139: CRS | C139: 46 | D139: =COUNTIF($F$2:$F$160,F139) -> 7 | E139: MARZO | F139: Paciente 21 | G139: =IF(ISERROR(VLOOKUP(F139,'2. CUP _PE filtra'!$G$2:$G$115,1,0)),"NO","SI") -> SI | H139: 19314402 | I139: MIELOMA MULTIPLE | J139: 10
A140: 2010 | B140: CRS | C140: 46 | D140: =COUNTIF($F$2:$F$160,F140) -> 7 | E140: MARZO | F140: Paciente 21 | G140: =IF(ISERROR(VLOOKUP(F140,'2. CUP _PE filtra'!$G$2:$G$115,1,0)),"NO","SI") -> SI | H140: 19314402 | I140: MIELOMA MULTIPLE | J140: 10
A141: 2010 | B141: CRS | C141: 46 | D141: =COUNTIF($F$2:$F$160,F141) -> 7 | E141: MARZO | F141: Paciente 21 | G141: =IF(ISERROR(VLOOKUP(F141,'2. CUP _PE filtra'!$G$2:$G$115,1,0)),"NO","SI") -> SI | H141: 19314402 | J141: 7
A142: 2009 | B142: CRS | C142: 28 | D142: =COUNTIF($F$2:$F$160,F142) -> 7 | E142: ABRIL | F142: Paciente 08 | G142: =IF(ISERROR(VLOOKUP(F142,'2. CUP _PE filtra'!$G$2:$G$115,1,0)),"NO","SI") -> SI | H142: 2869758 | I142: LEUCEMIA LINFOIDE CRONICA | J142: 7
A143: 2009 | B143: CRS | C143: 28 | D143: =COUNTIF($F$2:$F$160,F143) -> 7 | E143: ABRIL | F143: Paciente 08 | G143: =IF(ISERROR(VLOOKUP(F143,'2. CUP _PE filtra'!$G$2:$G$115,1,0)),"NO","SI") -> SI | H143: 2869758 | I143: LEUCEMIA LINFOIDE CRONICA | J143: 7
A144: 2009 | B144: CRS | C144: 28 | D144: =COUNTIF($F$2:$F$160,F144) -> 7 | E144: ABRIL | F144: Paciente 08 | G144: =IF(ISERROR(VLOOKUP(F144,'2. CUP _PE filtra'!$G$2:$G$115,1,0)),"NO","SI") -> SI | H144: 2869758 | I144: LEUCEMIA LINFOIDE CRONICA | J144: 10
A145: 2009 | B145: CRS | C145: 28 | D145: =COUNTIF($F$2:$F$160,F145) -> 7 | E145: JUNIO | F145: Paciente 08 | G145: =IF(ISERROR(VLOOKUP(F145,'2. CUP _PE filtra'!$G$2:$G$115,1,0)),"NO","SI") -> SI | H145: 2869758 | I145: LEUCEMIA LINFOIDE CRONICA | J145: 10
A146: 2009 | B146: CRS | C146: 28 | D146: =COUNTIF($F$2:$F$160,F146) -> 7 | E146: SEPTIEMBRE | F146: Paciente 08 | G146: =IF(ISERROR(VLOOKUP(F146,'2. CUP _PE filtra'!$G$2:$G$115,1,0)),"NO","SI") -> SI | H146: 2869758 | I146: LEUCEMIA LINFOIDE AGUDA | J146: 5
A147: 2009 | B147: CRS | C147: 28 | D147: =COUNTIF($F$2:$F$160,F147) -> 7 | E147: DICIEMBRE | F147: Paciente 08 | G147: =IF(ISERROR(VLOOKUP(F147,'2. CUP _PE filtra'!$G$2:$G$115,1,0)),"NO","SI") -> SI | H147: 2869758 | I147: LEUCEMIA LINFOIDE CRONICA | J147: 7
A148: 2010 | B148: CRS | C148: 37 | D148: =COUNTIF($F$2:$F$160,F148) -> 5 | E148: FEBRERO | F148: Paciente 36 | G148: =IF(ISERROR(VLOOKUP(F148,'2. CUP _PE filtra'!$G$2:$G$115,1,0)),"NO","SI") -> SI | H148: 35499116 | I148: LEUCEMIA MIELOIDE AGUDA | J148: 7
A149: 2010 | B149: CRS | C149: 37 | D149: =COUNTIF($F$2:$F$160,F149) -> 5 | E149: FEBRERO | F149: Paciente 36 | G149: =IF(ISERROR(VLOOKUP(F149,'2. CUP _PE filtra'!$G$2:$G$115,1,0)),"NO","SI") -> SI | H149: 35499116 | I149: LEUCEMIA MIELOIDE AGUDA | J149: 7
A150: 2010 | B150: CRS | C150: 37 | D150: =COUNTIF($F$2:$F$160,F150) -> 5 | E150: FEBRERO | F150: Paciente 36 | G150: =IF(ISERROR(VLOOKUP(F150,'2. CUP _PE filtra'!$G$2:$G$115,1,0)),"NO","SI") -> SI | H150: 35499116 | I150: LEUCEMIA MIELOIDE AGUDA | J150: 6
A151: 2010 | B151: CRS | C151: 37 | D151: =COUNTIF($F$2:$F$160,F151) -> 5 | E151: FEBRERO | F151: Paciente 36 | G151: =IF(ISERROR(VLOOKUP(F151,'2. CUP _PE filtra'!$G$2:$G$115,1,0)),"NO","SI") -> SI | H151: 35499116 | I151: LEUCEMIA MIELOIDE AGUDA | J151: 7
A152: 2010 | B152: CRS | C152: 37 | D152: =COUNTIF($F$2:$F$160,F152) -> 5 | E152: FEBRERO | F152: Paciente 36 | G152: =IF(ISERROR(VLOOKUP(F152,'2. CUP _PE filtra'!$G$2:$G$115,1,0)),"NO","SI") -> SI | H152: 35499116 | I152: LEUCEMIA MIELOIDE AGUDA | J152: 7
A153: 2009 | B153: CRS | C153: 57 | D153: =COUNTIF($F$2:$F$160,F153) -> 5 | E153: OCTUBRE | F153: Paciente 53 | G153: =IF(ISERROR(VLOOKUP(F153,'2. CUP _PE filtra'!$G$2:$G$115,1,0)),"NO","SI") -> SI | H153: 79657252 | I153: LEUCEMIA MIELOIDE AGUDA | J153: 8
... A160: 2010 | B160: CRS | C160: 36 | D160: =COUNTIF($F$2:$F$160,F160) -> 3 | E160: ABRIL | F160: Paciente 37 | G160: =IF(ISERROR(VLOOKUP(F160,'2. CUP _PE filtra'!$G$2:$G$115,1,0)),"NO","SI") -> SI | H160: 35499161 | I160: LEUCEMIA MIELOIDE AGUDA | J160: 5

Sheet 2. CUP _PE filtra
A1: PACIENTE | B1: COMPONENTE | C1: AÑO | D1: CLINICA | E1: No TRANSFUSIONES | F1: MES | G1: NOMBRE | H1: ID | I1: DX | J1: No COMPON | K1: CONTROL 1-6 H | L1: CONTROL 7-12H | M1: CONTROL>12 H | N1: INCREMENTO | O1: COSTO DIRECTO | P1: COSTO INDIRECTO | Q1: Columna3
A2: 1 | B2: PE | C2: 2009 | D2: CUC | E2: 7 | F2: SEPTIEMBRE | G2: Paciente 61 | H2: 1018431871 | I2: LEUCEMIA LINFOIDE AGUDA | J2: 7 | K2: 6 | M2: 19 | N2: =(M2-K2)/K2 -> 2.1666667 | O2: ='7. Costos'!$B$7*'4. PE filtra'!#REF!+'7. Costos'!$B$15+'7. Costos'!$B$25 -> #REF! | P2: =K2*'7. Costos'!$B$8+'7. Costos'!$B$15+'7. Costos'!D$25 -> 2111115 | Q2: =('7. Costos'!$H$25*'5. CUP filtra'!F2) -> #VALUE!
A3: 1 | B3: PE | C3: 2009 | D3: CUC | E3: 7 | F3: OCTUBRE | G3: Paciente 61 | H3: 1018431871 | I3: LEUCEMIA LINFOIDE AGUDA | J3: 6 | K3: 17 | M3: 24 | N3: =(M3-K3)/K3 -> 0.41176471 | O3: ='7. Costos'!$B$7*'4. PE filtra'!#REF!+'7. Costos'!$B$15+'7. Costos'!$B$25 -> #REF! | P3: =K3*'7. Costos'!$B$8+'7. Costos'!$B$15+'7. Costos'!D$25 -> 5857577.5 | Q3: =('7. Costos'!$H$25*'5. CUP filtra'!F3) -> #VALUE!
A4: 1 | B4: PE | C4: 2009 | D4: CUC | E4: 7 | F4: OCTUBRE | G4: Paciente 61 | H4: 1018431871 | I4: LEUCEMIA LINFOIDE AGUDA | J4: 6 | K4: 5 | M4: 19 | N4: =(M4-K4)/K4 -> 2.8 | O4: ='7. Costos'!$B$7*'4. PE filtra'!#REF!+'7. Costos'!$B$15+'7. Costos'!$B$25 -> #REF! | P4: =K4*'7. Costos'!$B$8+'7. Costos'!$B$15+'7. Costos'!D$25 -> 1770527.5 | Q4: =('7. Costos'!$H$25*'5. CUP filtra'!F4) -> #VALUE!
A5: 1 | B5: PE | C5: 2009 | D5: CUC | E5: 7 | F5: SEPTIEMBRE | G5: Paciente 61 | H5: 1018431871 | I5: LEUCEMIA LINFOIDE AGUDA | J5: 6 | K5: 5 | M5: 18 | N5: =(M5-K5)/K5 -> 2.6 | O5: ='7. Costos'!$B$7*'4. PE filtra'!#REF!+'7. Costos'!$B$15+'7. Costos'!$B$25 -> #REF! | P5: =K5*'7. Costos'!$B$8+'7. Costos'!$B$15+'7. Costos'!D$25 -> 1770527.5 | Q5: =('7. Costos'!$H$25*'5. CUP filtra'!F5) -> #VALUE!
A6: 1 | B6: PE | C6: 2010 | D6: CUC | E6: 7 | F6: FEBRERO | G6: Paciente 61 | H6: 1018431871 | I6: LEUCEMIA LINFOBLASTICA - | J6: 5 | K6: 8 | M6: 3 | N6: =(M6-K6)/K6 -> -0.625 | O6: ='7. Costos'!$B$7*'4. PE filtra'!#REF!+'7. Costos'!$B$15+'7. Costos'!$B$25 -> #REF! | P6: =K6*'7. Costos'!$B$8+'7. Costos'!$B$15+'7. Costos'!D$25 -> 2792290 | Q6: =('7. Costos'!$H$25*'5. CUP filtra'!F6) -> #VALUE!
A7: 1 | B7: PE | C7: 2010 | D7: CUC | E7: 7 | F7: ABRIL | G7: Paciente 61 | H7: 1018431871 | I7: LEUCEMIA LINFOBLASTICA AGUDA | J7: 6 | K7: 2 | M7: 77 | N7: =(M7-K7)/K7 -> 37.5 | O7: ='7. Costos'!$B$7*'4. PE filtra'!#REF!+'7. Costos'!$B$15+'7. Costos'!$B$25 -> #REF! | P7: =K7*'7. Costos'!$B$8+'7. Costos'!$B$15+'7. Costos'!D$25 -> 748765 | Q7: =('7. Costos'!$H$25*'5. CUP filtra'!F7) -> #VALUE!
A8: 1 | B8: PE | C8: 2010 | D8: CUC | E8: 7 | F8: ABRIL | G8: Paciente 61 | H8: 1018431871 | I8: LEUCEMIA LINFOBLASTICA AGUDA | J8: 6 | K8: 3 | M8: 16 | N8: =(M8-K8)/K8 -> 4.3333333 | O8: ='7. Costos'!$B$7*'4. PE filtra'!#REF!+'7. Costos'!$B$15+'7. Costos'!$B$25 -> #REF! | P8: =K8*'7. Costos'!$B$8+'7. Costos'!$B$15+'7. Costos'!D$25 -> 1089352.5 | Q8: =('7. Costos'!$H$25*'5. CUP filtra'!F8) -> #VALUE!
A9: 1 | B9: CUP | C9: 2010 | D9: CUC | E9: 3 | F9: MARZO | G9: Paciente 61 | H9: 1018431871 | I9: LEUCEMIA LINFOBLASTICA AGUDA | J9: 2 | N9: =(M9-K9)/K9 -> #DIV/0! | O9: ='7. Costos'!$B$7*'4. PE filtra'!#REF!+'7. Costos'!$B$15+'7. Costos'!$B$25 -> #REF! | P9: =K9*'7. Costos'!$B$8+'7. Costos'!$B$15+'7. Costos'!D$25 -> 67590 | Q9: =('7. Costos'!$H$25*'5. CUP filtra'!F9) -> #VALUE!
A10: 1 | B10: CUP | C10: 2010 | D10: CUC | E10: 3 | F10: MARZO | G10: Paciente 61 | H10: 1018431871 | I10: LEUCEMIA LINFOBLASTICA AGUDA | J10: 1 | N10: =(M10-K10)/K10 -> #DIV/0! | O10: ='7. Costos'!$B$7*'4. PE filtra'!#REF!+'7. Costos'!$B$15+'7. Costos'!$B$25 -> #REF! | P10: =K10*'7. Costos'!$B$8+'7. Costos'!$B$15+'7. Costos'!D$25 -> 67590 | Q10: =('7. Costos'!$H$25*'5. CUP filtra'!F10) -> #VALUE!
A11: 1 | B11: CUP | C11: 2010 | D11: CUC | E11: 3 | F11: MARZO | G11: Paciente 61 | H11: 1018431871 | I11: LEUCEMIA LINFOBLASTICA AGUDA | J11: 1 | K11: 1 | M11: 17 | N11: =(M11-K11)/K11 -> 16 | O11: ='7. Costos'!$B$7*'4. PE filtra'!#REF!+'7. Costos'!$B$15+'7. Costos'!$B$25 -> #REF! | P11: =K11*'7. Costos'!$B$8+'7. Costos'!$B$15+'7. Costos'!D$25 -> 408177.5 | Q11: =('7. Costos'!$H$25*'5. CUP filtra'!F11) -> #VALUE!
A12: 2 | B12: PE | C12: 2009 | D12: CRS | E12: 7 | F12: ABRIL | G12: Paciente 08 | H12: 2869758 | I12: LEUCEMIA LINFOIDE CRONICA | J12: 6 | K12: 19 | M12: 8 | N12: =(M12-K12)/K12 -> -0.57894737 | O12: ='7. Costos'!$B$7*'4. PE filtra'!#REF!+'7. Costos'!$B$15+'7. Costos'!$B$25 -> #REF! | P12: =K12*'7. Costos'!$B$8+'7. Costos'!$B$15+'7. Costos'!D$25 -> 6538752.5 | Q12: =('7. Costos'!$H$25*'5. CUP filtra'!F12) -> #VALUE!
A13: 2 | B13: PE | C13: 2009 | D13: CRS | E13: 7 | F13: ABRIL | G13: Paciente 08 | H13: 2869758 | I13: LEUCEMIA LINFOIDE CRONICA | J13: 7 | K13: 8 | M13: 14 | N13: =(M13-K13)/K13 -> 0.75 | O13: ='7. Costos'!$B$7*'4. PE filtra'!#REF!+'7. Costos'!$B$15+'7. Costos'!$B$25 -> #REF! | P13: =K13*'7. Costos'!$B$8+'7. Costos'!$B$15+'7. Costos'!D$25 -> 2792290 | Q13: =('7. Costos'!$H$25*'5. CUP filtra'!F13) -> #VALUE!
A14: 2 | B14: PE | C14: 2009 | D14: CRS | E14: 7 | F14: ABRIL | G14: Paciente 08 | H14: 2869758 | I14: LEUCEMIA LINFOIDE CRONICA | J14: 7 | K14: 10 | M14: 19 | N14: =(M14-K14)/K14 -> 0.9 | O14: ='7. Costos'!$B$7*'4. PE filtra'!#REF!+'7. Costos'!$B$15+'7. Costos'!$B$25 -> #REF! | P14: =K14*'7. Costos'!$B$8+'7. Costos'!$B$15+'7. Costos'!D$25 -> 3473465 | Q14: =('7. Costos'!$H$25*'5. CUP filtra'!F14) -> #VALUE!
A15: 2 | B15: PE | C15: 2009 | D15: CRS | E15: 7 | F15: ABRIL | G15: Paciente 08 | H15: 2869758 | I15: LEUCEMIA LINFOIDE CRONICA | J15: 10 | K15: 14 | M15: 22 | N15: =(M15-K15)/K15 -> 0.57142857 | O15: ='7. Costos'!$B$7*'4. PE filtra'!#REF!+'7. Costos'!$B$15+'7. Costos'!$B$25 -> #REF! | P15: =K15*'7. Costos'!$B$8+'7. Costos'!$B$15+'7. Costos'!D$25 -> 4835815 | Q15: =('7. Costos'!$H$25*'5. CUP filtra'!F15) -> #VALUE!
A16: 2 | B16: PE | C16: 2009 | D16: CRS | E16: 7 | F16: JUNIO | G16: Paciente 08 | H16: 2869758 | I16: LEUCEMIA LINFOIDE CRONICA | J16: 10 | K16: 8 | M16: 20 | N16: =(M16-K16)/K16 -> 1.5 | O16: ='7. Costos'!$B$7*'4. PE filtra'!#REF!+'7. Costos'!$B$15+'7. Costos'!$B$25 -> #REF! | P16: =K16*'7. Costos'!$B$8+'7. Costos'!$B$15+'7. Costos'!D$25 -> 2792290 | Q16: =('7. Costos'!$H$25*'5. CUP filtra'!F16) -> #VALUE!
A17: 2 | B17: PE | C17: 2009 | D17: CRS | E17: 7 | F17: SEPTIEMBRE | G17: Paciente 08 | H17: 2869758 | I17: LEUCEMIA LINFOIDE AGUDA | J17: 5 | K17: 14 | M17: 25 | N17: =(M17-K17)/K17 -> 0.78571429 | O17: ='7. Costos'!$B$7*'4. PE filtra'!#REF!+'7. Costos'!$B$15+'7. Costos'!$B$25 -> #REF! | P17: =K17*'7. Costos'!$B$8+'7. Costos'!$B$15+'7. Costos'!D$25 -> 4835815 | Q17: =('7. Costos'!$H$25*'5. CUP filtra'!F17) -> #VALUE!
A18: 2 | B18: PE | C18: 2009 | D18: CRS | E18: 7 | F18: DICIEMBRE | G18: Paciente 08 | H18: 2869758 | I18: LEUCEMIA LINFOIDE CRONICA | J18: 7 | K18: 12 | M18: 27 | N18: =(M18-K18)/K18 -> 1.25 | O18: ='7. Costos'!$B$7*'4. PE filtra'!#REF!+'7. Costos'!$B$15+'7. Costos'!$B$25 -> #REF! | P18: =K18*'7. Costos'!$B$8+'7. Costos'!$B$15+'7. Costos'!D$25 -> 4154640 | Q18: =('7. Costos'!$H$25*'5. CUP filtra'!F18) -> #VALUE!
A19: 2 | B19: CUP | C19: 2010 | D19: CRS | E19: 1 | F19: ENERO | G19: Paciente 08 | H19: 2869758 | I19: LEUCEMIA | J19: 1 | K19: 4 | M19: 10 | N19: =(M19-K19)/K19 -> 1.5 | O19: ='7. Costos'!$B$7*'4. PE filtra'!#REF!+'7. Costos'!$B$15+'7. Costos'!$B$25 -> #REF! | P19: =K19*'7. Costos'!$B$8+'7. Costos'!$B$15+'7. Costos'!D$25 -> 1429940 | Q19: =('7. Costos'!$H$25*'5. CUP filtra'!F19) -> #VALUE!
A20: 3 | B20: PE | C20: 2010 | D20: CRS | E20: 6 | F20: FEBRERO | G20: Paciente 21 | H20: 19314402 | I20: MIELOMA MULTIPLE | J20: 7 | K20: 42 | M20: 21 | N20: =(M20-K20)/K20 -> -0.5 | O20: ='7. Costos'!$B$7*'4. PE filtra'!#REF!+'7. Costos'!$B$15+'7. Costos'!$B$25 -> #REF! | P20: =K20*'7. Costos'!$B$8+'7. Costos'!$B$15+'7. Costos'!D$25 -> 14372265 | Q20: =('7. Costos'!$H$25*'5. CUP filtra'!F20) -> #VALUE!
A21: 3 | B21: PE | C21: 2010 | D21: CRS | E21: 6 | F21: MARZO | G21: Paciente 21 | H21: 19314402 | I21: MIELOMA MULTIPLE | J21: 7 | K21: 8 | M21: 38 | N21: =(M21-K21)/K21 -> 3.75 | O21: ='7. Costos'!$B$7*'4. PE filtra'!#REF!+'7. Costos'!$B$15+'7. Costos'!$B$25 -> #REF! | P21: =K21*'7. Costos'!$B$8+'7. Costos'!$B$15+'7. Costos'!D$25 -> 2792290 | Q21: =('7. Costos'!$H$25*'5. CUP filtra'!F21) -> #VALUE!
A22: 3 | B22: PE | C22: 2010 | D22: CRS | E22: 6 | F22: MARZO | G22: Paciente 21 | H22: 19314402 | I22: MIELOMA MULTIPLE | J22: 7 | K22: 19 | M22: 42 | N22: =(M22-K22)/K22 -> 1.2105263 | O22: ='7. Costos'!$B$7*'4. PE filtra'!J2+'7. Costos'!$B$15+'7. Costos'!$B$25 -> 2468733 | P22: =K22*'7. Costos'!$B$8+'7. Costos'!$B$15+'7. Costos'!D$25 -> 6538752.5 | Q22: =('7. Costos'!$H$25*'5. CUP filtra'!F22) -> #VALUE!
A23: 3 | B23: PE | C23: 2010 | D23: CRS | E23: 6 | F23: MARZO | G23: Paciente 21 | H23: 19314402 | I23: MIELOMA MULTIPLE | J23: 10 | K23: 35 | M23: 27 | N23: =(M23-K23)/K23 -> -0.22857143 | O23: ='7. Costos'!$B$7*'4. PE filtra'!J3+'7. Costos'!$B$15+'7. Costos'!$B$25 -> 1331413 | P23: =K23*'7. Costos'!$B$8+'7. Costos'!$B$15+'7. Costos'!D$25 -> 11988152 | Q23: =('7. Costos'!$H$25*'5. CUP filtra'!F23) -> #VALUE!
A24: 3 | B24: PE | C24: 2010 | D24: CRS | E24: 6 | F24: MARZO | G24: Paciente 21 | H24: 19314402 | I24: MIELOMA MULTIPLE | J24: 10 | K24: 4 | M24: 33 | N24: =(M24-K24)/K24 -> 7.25 | O24: ='7. Costos'!$B$7*'4. PE filtra'!J4+'7. Costos'!$B$15+'7. Costos'!$B$25 -> 1189248 | P24: =K24*'7. Costos'!$B$8+'7. Costos'!$B$15+'7. Costos'!D$25 -> 1429940 | Q24: =('7. Costos'!$H$25*'5. CUP filtra'!F24) -> #VALUE!
A25: 3 | B25: PE | C25: 2010 | D25: CRS | E25: 6 | F25: MARZO | G25: Paciente 21 | H25: 19314402 | I25: MIELOMA MULTIPLE | J25: 10 | K25: 31 | M25: 28 | N25: =(M25-K25)/K25 -> -0.096774194 | O25: ='7. Costos'!$B$7*'4. PE filtra'!J5+'7. Costos'!$B$15+'7. Costos'!$B$25 -> 1828990.5 | P25: =K25*'7. Costos'!$B$8+'7. Costos'!$B$15+'7. Costos'!D$25 -> 10625802 | Q25: =('7. Costos'!$H$25*'5. CUP filtra'!F25) -> #VALUE!
A26: 3 | B26: CUP | C26: 2010 | D26: CRS | E26: 1 | F26: MARZO | G26: Paciente 21 | H26: 19314402 | I26: MIELOMA MULTIPLE | J26: 1 | K26: 8 | M26: 38 | N26: =(M26-K26)/K26 -> 3.75 | O26: ='7. Costos'!$B$7*'4. PE filtra'!J6+'7. Costos'!$B$15+'7. Costos'!$B$25 -> 833835.5 | P26: =K26*'7. Costos'!$B$8+'7. Costos'!$B$15+'7. Costos'!D$25 -> 2792290 | Q26: =('7. Costos'!$H$25*'5. CUP filtra'!F26) -> #VALUE!
A27: 4 | B27: PE | C27: 2010 | D27: CRS | E27: 8 | F27: ENERO | G27: Paciente 37 | H27: 35499161 | I27: LEUCEMIA LINFOIDE AGUDA | J27: 7 | K27: 23 | M27: 10 | N27: =(M27-K27)/K27 -> -0.56521739 | O27: ='7. Costos'!$B$7*'4. PE filtra'!J7+'7. Costos'!$B$15+'7. Costos'!$B$25 -> 833835.5 | P27: =K27*'7. Costos'!$B$8+'7. Costos'!$B$15+'7. Costos'!D$25 -> 7901102.5 | Q27: =('7. Costos'!$H$25*'5. CUP filtra'!F27) -> #VALUE!
A28: 4 | B28: PE | C28: 2010 | D28: CRS | E28: 8 | F28: FEBRERO | G28: Paciente 37 | H28: 35499161 | I28: LEUCEMIA MIELOIDE AGUDA | J28: 7 | K28: 1 | M28: 2 | N28: =(M28-K28)/K28 -> 1 | O28: ='7. Costos'!$B$7*'4. PE filtra'!J8+'7. Costos'!$B$15+'7. Costos'!$B$25 -> 1473578 | P28: =K28*'7. Costos'!$B$8+'7. Costos'!$B$15+'7. Costos'!D$25 -> 408177.5 | Q28: =('7. Costos'!$H$25*'5. CUP filtra'!F28) -> #VALUE!
A29: 4 | B29: PE | C29: 2010 | D29: CRS | E29: 8 | F29: FEBRERO | G29: Paciente 37 | H29: 35499161 | I29: LEUCEMIA MIELOIDE AGUDA | J29: 7 | K29: 2 | M29: 19 | N29: =(M29-K29)/K29 -> 8.5 | O29: ='7. Costos'!$B$7*'4. PE filtra'!J9+'7. Costos'!$B$15+'7. Costos'!$B$25 -> 1047083 | P29: =K29*'7. Costos'!$B$8+'7. Costos'!$B$15+'7. Costos'!D$25 -> 748765 | Q29: =('7. Costos'!$H$25*'5. CUP filtra'!F29) -> #VALUE!
A30: 4 | B30: PE | C30: 2010 | D30: CRS | E30: 8 | F30: FEBRERO | G30: Paciente 37 | H30: 35499161 | I30: LEUCEMIA MIELOIDE AGUDA | J30: 6 | K30: 9 | M30: 21 | N30: =(M30-K30)/K30 -> 1.3333333 | O30: ='7. Costos'!$B$7*'4. PE filtra'!J10+'7. Costos'!$B$15+'7. Costos'!$B$25 -> 2966310.5 | P30: =K30*'7. Costos'!$B$8+'7. Costos'!$B$15+'7. Costos'!D$25 -> 3132877.5 | Q30: =('7. Costos'!$H$25*'5. CUP filtra'!F30) -> #VALUE!
A31: 4 | B31: PE | C31: 2010 | D31: CRS | E31: 8 | F31: FEBRERO | G31: Paciente 37 | H31: 35499161 | I31: LEUCEMIA MIELOIDE AGUDA | J31: 7 | K31: 15 | M31: 22 | N31: =(M31-K31)/K31 -> 0.46666667 | O31: ='7. Costos'!$B$7*'4. PE filtra'!J11+'7. Costos'!$B$15+'7. Costos'!$B$25 -> 1686825.5 | P31: =K31*'7. Costos'!$B$8+'7. Costos'!$B$15+'7. Costos'!D$25 -> 5176402.5 | Q31: =('7. Costos'!$H$25*'5. CUP filtra'!#REF!) -> #REF!
A32: 4 | B32: PE | C32: 2010 | D32: CRS | E32: 8 | F32: FEBRERO | G32: Paciente 37 | H32: 35499161 | I32: LEUCEMIA MIELOIDE AGUDA | J32: 7 | K32: 26 | M32: 79 | N32: =(M32-K32)/K32 -> 2.0384615 | O32: ='7. Costos'!$B$7*'4. PE filtra'!J12+'7. Costos'!$B$15+'7. Costos'!$B$25 -> 1118165.5 | P32: =K32*'7. Costos'!$B$8+'7. Costos'!$B$15+'7. Costos'!D$25 -> 8922865 | Q32: =('7. Costos'!$H$25*'5. CUP filtra'!#REF!) -> #REF!
A33: 4 | B33: PE | C33: 2010 | D33: CRS | E33: 8 | F33: ABRIL | G33: Paciente 37 | H33: 35499161 | I33: LEUCEMIA MIELOIDE AGUDA | J33: 7 | K33: 6 | M33: 26 | N33: =(M33-K33)/K33 -> 3.3333333 | O33: ='7. Costos'!$B$7*'4. PE filtra'!J13+'7. Costos'!$B$15+'7. Costos'!$B$25 -> 1971155.5 | P33: =K33*'7. Costos'!$B$8+'7. Costos'!$B$15+'7. Costos'!D$25 -> 2111115 | Q33: =('7. Costos'!$H$25*'5. CUP filtra'!#REF!) -> #REF!
A34: 4 | B34: PE | C34: 2010 | D34: CRS | E34: 8 | F34: ABRIL | G34: Paciente 37 | H34: 35499161 | I34: LEUCEMIA MIELOIDE AGUDA | J34: 5 | K34: 11 | M34: 25 | N34: =(M34-K34)/K34 -> 1.2727273 | O34: ='7. Costos'!$B$7*'4. PE filtra'!J14+'7. Costos'!$B$15+'7. Costos'!$B$25 -> 3108475.5 | P34: =K34*'7. Costos'!$B$8+'7. Costos'!$B$15+'7. Costos'!D$25 -> 3814052.5 | Q34: =('7. Costos'!$H$25*'5. CUP filtra'!#REF!) -> #REF!
A35: 4 | B35: CUP | C35: 2010 | D35: CRS | E35: 12 | F35: ENERO | G35: Paciente 37 | H35: 35499161 | I35: LEUCEMIA LINFOIDE AGUDA | J35: 1 | K35: 1 | M35: 2 | N35: =(M35-K35)/K35 -> 1 | O35: ='7. Costos'!$B$7*'4. PE filtra'!J15+'7. Costos'!$B$15+'7. Costos'!$B$25 -> 1757908 | P35: =K35*'7. Costos'!$B$8+'7. Costos'!$B$15+'7. Costos'!D$25 -> 408177.5 | Q35: =('7. Costos'!$H$25*'5. CUP filtra'!#REF!) -> #REF!
A36: 4 | B36: CUP | C36: 2010 | D36: CRS | E36: 12 | F36: ENERO | G36: Paciente 37 | H36: 35499161 | I36: LEUCEMIA LINFOIDE AGUDA | J36: 1 | K36: 4 | M36: 7 | N36: =(M36-K36)/K36 -> 0.75 | O36: ='7. Costos'!$B$7*'4. PE filtra'!J16+'7. Costos'!$B$15+'7. Costos'!$B$25 -> 976000.5 | P36: =K36*'7. Costos'!$B$8+'7. Costos'!$B$15+'7. Costos'!D$25 -> 1429940 | Q36: =('7. Costos'!$H$25*'5. CUP filtra'!#REF!) -> #REF!
A37: 4 | B37: CUP | C37: 2010 | D37: CRS | E37: 12 | F37: ABRIL | G37: Paciente 37 | H37: 35499161 | I37: LEUCEMIA MIELOIDE AGUDA | J37: 2 | K37: 6 | M37: 26 | N37: =(M37-K37)/K37 -> 3.3333333 | O37: ='7. Costos'!$B$7*'4. PE filtra'!J17+'7. Costos'!$B$15+'7. Costos'!$B$25 -> 762753 | P37: =K37*'7. Costos'!$B$8+'7. Costos'!$B$15+'7. Costos'!D$25 -> 2111115 | Q37: =('7. Costos'!$H$25*'5. CUP filtra'!#REF!) -> #REF!
A38: 4 | B38: CUP | C38: 2010 | D38: CRS | E38: 12 | F38: ABRIL | G38: Paciente 37 | H38: 35499161 | I38: LEUCEMIA MIELOIDE AGUDA | J38: 2 | K38: 11 | M38: 25 | N38: =(M38-K38)/K38 -> 1.2727273 | O38: ='7. Costos'!$B$7*'4. PE filtra'!J18+'7. Costos'!$B$15+'7. Costos'!$B$25 -> 620588 | P38: =K38*'7. Costos'!$B$8+'7. Costos'!$B$15+'7. Costos'!D$25 -> 3814052.5 | Q38: =('7. Costos'!$H$25*'5. CUP filtra'!#REF!) -> #REF!
A39: 4 | B39: CUP | C39: 2010 | D39: CRS | E39: 12 | F39: JUNIO | G39: Paciente 37 | H39: 35499161 | I39: LEUCEMIA MIELOIDE AGUDA | J39: 1 | K39: 12 | M39: 41 | N39: =(M39-K39)/K39 -> 2.4166667 | O39: ='7. Costos'!$B$7*'4. PE filtra'!J19+'7. Costos'!$B$15+'7. Costos'!$B$25 -> 1402495.5 | P39: =K39*'7. Costos'!$B$8+'7. Costos'!$B$15+'7. Costos'!D$25 -> 4154640 | Q39: =('7. Costos'!$H$25*'5. CUP filtra'!#REF!) -> #REF!
A40: 4 | B40: CUP | C40: 2010 | D40: CRS | E40: 12 | F40: FEBRERO | G40: Paciente 36 | H40: 35499116 | I40: LEUCEMIA MIELOIDE AGUDA | J40: 1 | K40: 2 | M40: 19 | N40: =(M40-K40)/K40 -> 8.5 | O40: ='7. Costos'!$B$7*'4. PE filtra'!J20+'7. Costos'!$B$15+'7. Costos'!$B$25 -> 904918 | P40: =K40*'7. Costos'!$B$8+'7. Costos'!$B$15+'7. Costos'!D$25 -> 748765 | Q40: =('7. Costos'!$H$25*'5. CUP filtra'!#REF!) -> #REF!
A41: 4 | B41: CUP | C41: 2010 | D41: CRS | E41: 12 | F41: FEBRERO | G41: Paciente 36 | H41: 35499116 | I41: LEUCEMIA MIELOIDE AGUDA | J41: 1 | K41: 4 | M41: 7 | N41: =(M41-K41)/K41 -> 0.75 | O41: ='7. Costos'!$B$7*'4. PE filtra'!J21+'7. Costos'!$B$15+'7. Costos'!$B$25 -> 691670.5 | P41: =K41*'7. Costos'!$B$8+'7. Costos'!$B$15+'7. Costos'!D$25 -> 1429940 | Q41: =('7. Costos'!$H$25*'5. CUP filtra'!#REF!) -> #REF!
A42: 4 | B42: CUP | C42: 2010 | D42: CRS | E42: 12 | F42: FEBRERO | G42: Paciente 36 | H42: 35499116 | I42: LEUCEMIA MIELOIDE AGUDA | J42: 1 | K42: 6 | M42: 18 | N42: =(M42-K42)/K42 -> 2 | O42: ='7. Costos'!$B$7*'4. PE filtra'!J22+'7. Costos'!$B$15+'7. Costos'!$B$25 -> 620588 | P42: =K42*'7. Costos'!$B$8+'7. Costos'!$B$15+'7. Costos'!D$25 -> 2111115 | Q42: =('7. Costos'!$H$25*'5. CUP filtra'!#REF!) -> #REF!
A43: 4 | B43: CUP | C43: 2010 | D43: CRS | E43: 12 | F43: FEBRERO | G43: Paciente 36 | H43: 35499116 | I43: LEUCEMIA MIELOIDE AGUDA | J43: 1 | K43: 5 | N43: =(M43-K43)/K43 -> -1 | O43: ='7. Costos'!$B$7*'4. PE filtra'!J23+'7. Costos'!$B$15+'7. Costos'!$B$25 -> 1402495.5 | P43: =K43*'7. Costos'!$B$8+'7. Costos'!$B$15+'7. Costos'!D$25 -> 1770527.5 | Q43: =('7. Costos'!$H$25*'5. CUP filtra'!#REF!) -> #REF!
A44: 4 | B44: CUP | C44: 2010 | D44: CRS | E44: 12 | F44: MARZO | G44: Paciente 36 | H44: 35499116 | I44: LEUCEMIA MIELOIDE AGUDA | J44: 1 | K44: 2 | N44: =(M44-K44)/K44 -> -1 | O44: ='7. Costos'!$B$7*'4. PE filtra'!J24+'7. Costos'!$B$15+'7. Costos'!$B$25 -> 1402495.5 | P44: =K44*'7. Costos'!$B$8+'7. Costos'!$B$15+'7. Costos'!D$25 -> 748765 | Q44: =('7. Costos'!$H$25*'5. CUP filtra'!#REF!) -> #REF!
A45: 4 | B45: CUP | C45: 2010 | D45: CRS | E45: 12 | F45: MARZO | G45: Paciente 36 | H45: 35499116 | I45: LEUCEMIA MIELOIDE AGUDA | J45: 1 | K45: 9 | M45: 3 | N45: =(M45-K45)/K45 -> -0.66666667 | O45: ='7. Costos'!$B$7*'4. PE filtra'!J25+'7. Costos'!$B$15+'7. Costos'!$B$25 -> 1473578 | P45: =K45*'7. Costos'!$B$8+'7. Costos'!$B$15+'7. Costos'!D$25 -> 3132877.5 | Q45: =('7. Costos'!$H$25*'5. CUP filtra'!#REF!) -> #REF!
A46: 6 | B46: PE | C46: 2009 | D46: CRS | E46: 19 | F46: NOVIEMBRE | G46: Paciente 16 | H46: 19062997 | I46: SINDROME MIELODISPLASICO | J46: 4 | K46: 49 | L46: 50 | M46: 41 | N46: =(M46-K46)/K46 -> -0.16326531 | O46: ='7. Costos'!$B$7*'4. PE filtra'!J26+'7. Costos'!$B$15+'7. Costos'!$B$25 -> 2326568 | P46: =K46*'7. Costos'!$B$8+'7. Costos'!$B$15+'7. Costos'!D$25 -> 16756378 | Q46: =('7. Costos'!$H$25*'5. CUP filtra'!#REF!) -> #REF!
A47: 6 | B47: PE | C47: 2010 | D47: CRS | E47: 19 | F47: ENERO | G47: Paciente 16 | H47: 19062997 | I47: SINDROME MIELODISPLASICO | J47: 7 | K47: 40 | L47: 34 | M47: 33 | N47: =(M47-K47)/K47 -> -0.175 | O47: ='7. Costos'!$B$7*'4. PE filtra'!J27+'7. Costos'!$B$15+'7. Costos'!$B$25 -> 2184403 | P47: =K47*'7. Costos'!$B$8+'7. Costos'!$B$15+'7. Costos'!D$25 -> 13691090 | Q47: =('7. Costos'!$H$25*'5. CUP filtra'!#REF!) -> #REF!
A48: 6 | B48: PE | C48: 2010 | D48: CRS | E48: 19 | F48: ENERO | G48: Paciente 16 | H48: 19062997 | I48: SINDROME MIELODISPLASICO | J48: 7 | K48: 25 | M48: 66 | N48: =(M48-K48)/K48 -> 1.64 | O48: ='7. Costos'!$B$7*'4. PE filtra'!J28+'7. Costos'!$B$15+'7. Costos'!$B$25 -> 1402495.5 | P48: =K48*'7. Costos'!$B$8+'7. Costos'!$B$15+'7. Costos'!D$25 -> 8582277.5 | Q48: =('7. Costos'!$H$25*'5. CUP filtra'!#REF!) -> #REF!
A49: 6 | B49: PE | C49: 2010 | D49: CRS | E49: 19 | F49: ENERO | G49: Paciente 16 | H49: 19062997 | I49: SINDROME MIELODISPLASICO | J49: 7 | K49: 14 | M49: 30 | N49: =(M49-K49)/K49 -> 1.1428571 | O49: ='7. Costos'!$B$7*'4. PE filtra'!J29+'7. Costos'!$B$15+'7. Costos'!$B$25 -> 1331413 | P49: =K49*'7. Costos'!$B$8+'7. Costos'!$B$15+'7. Costos'!D$25 -> 4835815 | Q49: =('7. Costos'!$H$25*'5. CUP filtra'!#REF!) -> #REF!
A50: 6 | B50: PE | C50: 2010 | D50: CRS | E50: 19 | F50: ENERO | G50: Paciente 16 | H50: 19062997 | I50: SINDROME MIELODISPLASICO | J50: 7 | K50: 19 | M50: 31 | N50: =(M50-K50)/K50 -> 0.63157895 | O50: ='7. Costos'!$B$7*'4. PE filtra'!J30+'7. Costos'!$B$15+'7. Costos'!$B$25 -> 1047083 | P50: =K50*'7. Costos'!$B$8+'7. Costos'!$B$15+'7. Costos'!D$25 -> 6538752.5 | Q50: =('7. Costos'!$H$25*'5. CUP filtra'!#REF!) -> #REF!
A51: 6 | B51: PE | C51: 2010 | D51: CRS | E51: 19 | F51: ABRIL | G51: Paciente 16 | H51: 19062997 | I51: SINDROME MIELODISPLASICO | J51: 10 | K51: 8 | L51: 18 | M51: 20 | N51: =(M51-K51)/K51 -> 1.5 | O51: ='7. Costos'!$B$7*'4. PE filtra'!J31+'7. Costos'!$B$15+'7. Costos'!$B$25 -> 833835.5 | P51: =K51*'7. Costos'!$B$8+'7. Costos'!$B$15+'7. Costos'!D$25 -> 2792290 | Q51: =('7. Costos'!$H$25*'5. CUP filtra'!#REF!) -> #REF!
A52: 6 | B52: PE | C52: 2010 | D52: CRS | E52: 19 | F52: ABRIL | G52: Paciente 16 | H52: 19062997 | I52: SINDROME MIELODISPLASICO | J52: 10 | K52: 11 | M52: 15 | N52: =(M52-K52)/K52 -> 0.36363636 | O52: ='7. Costos'!$B$7*'4. PE filtra'!I32+'7. Costos'!$B$15+'7. Costos'!$B$25 -> 904918 | P52: =K52*'7. Costos'!$B$8+'7. Costos'!$B$15+'7. Costos'!D$25 -> 3814052.5 | Q52: =('7. Costos'!$H$25*'5. CUP filtra'!#REF!) -> #REF!
A53: 6 | B53: PE | C53: 2010 | D53: CRS | E53: 19 | F53: ABRIL | G53: Paciente 16 | H53: 19062997 | I53: SINDROME MIELODISPLASICO | J53: 10 | K53: 36 | N53: =(M53-K53)/K53 -> -1 | O53: ='7. Costos'!$B$7*'4. PE filtra'!I33+'7. Costos'!$B$15+'7. Costos'!$B$25 -> 904918 | P53: =K53*'7. Costos'!$B$8+'7. Costos'!$B$15+'7. Costos'!D$25 -> 12328740 | Q53: =('7. Costos'!$H$25*'5. CUP filtra'!F31) -> #VALUE!
A54: 6 | B54: PE | C54: 2010 | D54: CRS | E54: 19 | F54: ABRIL | G54: Paciente 16 | H54: 19062997 | I54: SINDROME MIELODISPLASICO | J54: 9 | K54: 14 | N54: =(M54-K54)/K54 -> -1 | O54: ='7. Costos'!$B$7*'4. PE filtra'!I34+'7. Costos'!$B$15+'7. Costos'!$B$25 -> 904918 | P54: =K54*'7. Costos'!$B$8+'7. Costos'!$B$15+'7. Costos'!D$25 -> 4835815 | Q54: =('7. Costos'!$H$25*'5. CUP filtra'!F32) -> #VALUE!
A55: 6 | B55: PE | C55: 2010 | D55: CRS | E55: 19 | F55: ABRIL | G55: Paciente 16 | H55: 19062997 | I55: SINDROME MIELODISPLASICO | J55: 8 | K55: 8 | M55: 45 | N55: =(M55-K55)/K55 -> 4.625 | O55: ='7. Costos'!$B$7*'4. PE filtra'!I35+'7. Costos'!$B$15+'7. Costos'!$B$25 -> 691670.5 | P55: =K55*'7. Costos'!$B$8+'7. Costos'!$B$15+'7. Costos'!D$25 -> 2792290 | Q55: =('7. Costos'!$H$25*'5. CUP filtra'!F33) -> #VALUE!
A56: 6 | B56: PE | C56: 2010 | D56: CRS | E56: 19 | F56: ABRIL | G56: Paciente 16 | H56: 19062997 | I56: SINDROME MIELODISPLASICO | J56: 10 | K56: 16 | N56: =(M56-K56)/K56 -> -1 | O56: ='7. Costos'!$B$7*'4. PE filtra'!I36+'7. Costos'!$B$15+'7. Costos'!$B$25 -> 691670.5 | P56: =K56*'7. Costos'!$B$8+'7. Costos'!$B$15+'7. Costos'!D$25 -> 5516990 | Q56: =('7. Costos'!$H$25*'5. CUP filtra'!F34) -> 0
A57: 6 | B57: PE | C57: 2010 | D57: CRS | E57: 19 | F57: ABRIL | G57: Paciente 16 | H57: 19062997 | I57: SINDROME MIELODISPLASICO | J57: 10 | K57: 7 | N57: =(M57-K57)/K57 -> -1 | O57: ='7. Costos'!$B$7*'4. PE filtra'!I37+'7. Costos'!$B$15+'7. Costos'!$B$25 -> 691670.5 | P57: =K57*'7. Costos'!$B$8+'7. Costos'!$B$15+'7. Costos'!D$25 -> 2451702.5 | Q57: =('7. Costos'!$H$25*'5. CUP filtra'!F35) -> 0
A58: 6 | B58: PE | C58: 2010 | D58: CRS | E58: 19 | F58: ABRIL | G58: Paciente 16 | H58: 19062997 | I58: SINDROME MIELODISPLASICO | J58: 10 | K58: 44 | M58: 5 | N58: =(M58-K58)/K58 -> -0.88636364 | O58: ='7. Costos'!$B$7*'4. PE filtra'!I38+'7. Costos'!$B$15+'7. Costos'!$B$25 -> 1047083 | P58: =K58*'7. Costos'!$B$8+'7. Costos'!$B$15+'7. Costos'!D$25 -> 15053440 | Q58: =('7. Costos'!$H$25*'5. CUP filtra'!F36) -> 0
A59: 6 | B59: PE | C59: 2010 | D59: CRS | E59: 19 | F59: MARZO | G59: Paciente 16 | H59: 19062997 | I59: SINDROME MIELODISPLASICO | J59: 10 | K59: 24 | L59: 12 | M59: 10 | N59: =(M59-K59)/K59 -> -0.58333333 | O59: ='7. Costos'!$B$7*'4. PE filtra'!I39+'7. Costos'!$B$15+'7. Costos'!$B$25 -> 1331413 | P59: =K59*'7. Costos'!$B$8+'7. Costos'!$B$15+'7. Costos'!D$25 -> 8241690 | Q59: =('7. Costos'!$H$25*'5. CUP filtra'!F37) -> 0
A60: 6 | B60: PE | C60: 2010 | D60: CRS | E60: 19 | F60: MARZO | G60: Paciente 16 | H60: 19062997 | I60: SINDROME MIELODISPLASICO | J60: 7 | K60: 15 | L60: 21 | M60: 44 | N60: =(M60-K60)/K60 -> 1.9333333 | O60: ='7. Costos'!$B$7*'4. PE filtra'!I40+'7. Costos'!$B$15+'7. Costos'!$B$25 -> 833835.5 | P60: =K60*'7. Costos'!$B$8+'7. Costos'!$B$15+'7. Costos'!D$25 -> 5176402.5 | Q60: =('7. Costos'!$H$25*'5. CUP filtra'!F38) -> 0
A61: 6 | B61: PE | C61: 2010 | D61: CRS | E61: 19 | F61: MARZO | G61: Paciente 16 | H61: 19062997 | I61: SINDROME MIELODISPLASICO | J61: 10 | K61: 32 | L61: 40 | M61: 20 | N61: =(M61-K61)/K61 -> -0.375 | O61: ='7. Costos'!$B$7*'4. PE filtra'!I41+'7. Costos'!$B$15+'7. Costos'!$B$25 -> 904918 | P61: =K61*'7. Costos'!$B$8+'7. Costos'!$B$15+'7. Costos'!D$25 -> 10966390 | Q61: =('7. Costos'!$H$25*'5. CUP filtra'!F39) -> 0
A62: 6 | B62: PE | C62: 2010 | D62: CRS | E62: 19 | F62: MARZO | G62: Paciente 16 | H62: 19062997 | I62: SINDROME MIELODISPLASICO | J62: 10 | K62: 14 | L62: 18 | M62: 27 | N62: =(M62-K62)/K62 -> 0.92857143 | O62: ='7. Costos'!$B$7*'4. PE filtra'!I42+'7. Costos'!$B$15+'7. Costos'!$B$25 -> 1189248 | P62: =K62*'7. Costos'!$B$8+'7. Costos'!$B$15+'7. Costos'!D$25 -> 4835815 | Q62: =('7. Costos'!$H$25*'5. CUP filtra'!F40) -> 0
A63: 6 | B63: PE | C63: 2010 | D63: CRS | E63: 19 | F63: MARZO | G63: Paciente 16 | H63: 19062997 | I63: SINDROME MIELODISPLASICO | J63: 10 | K63: 18 | L63: 11 | M63: 14 | N63: =(M63-K63)/K63 -> -0.22222222 | O63: ='7. Costos'!$B$7*'4. PE filtra'!I43+'7. Costos'!$B$15+'7. Costos'!$B$25 -> 620588 | P63: =K63*'7. Costos'!$B$8+'7. Costos'!$B$15+'7. Costos'!D$25 -> 6198165 | Q63: =('7. Costos'!$H$25*'5. CUP filtra'!F41) -> 0
A64: 6 | B64: PE | C64: 2010 | D64: CRS | E64: 19 | F64: MARZO | G64: Paciente 16 | H64: 19062997 | I64: SINDROME MIELODISPLASICO | J64: 7 | K64: 7 | M64: 33 | N64: =(M64-K64)/K64 -> 3.7142857 | O64: ='7. Costos'!$B$7*'4. PE filtra'!I44+'7. Costos'!$B$15+'7. Costos'!$B$25 -> 1189248 | P64: =K64*'7. Costos'!$B$8+'7. Costos'!$B$15+'7. Costos'!D$25 -> 2451702.5 | Q64: =('7. Costos'!$H$25*'5. CUP filtra'!F42) -> 0
A65: 6 | B65: CUP | C65: 2010 | D65: CRS | E65: 2 | F65: ENERO | G65: Paciente 16 | H65: 19062997 | I65: SINDROME MIELODISPLASICO | J65: 1 | K65: 14 | M65: 30 | N65: =(M65-K65)/K65 -> 1.1428571 | O65: ='7. Costos'!$B$7*'4. PE filtra'!I45+'7. Costos'!$B$15+'7. Costos'!$B$25 -> 1189248 | P65: =K65*'7. Costos'!$B$8+'7. Costos'!$B$15+'7. Costos'!D$25 -> 4835815 | Q65: =('7. Costos'!$H$25*'5. CUP filtra'!F43) -> 0
A66: 6 | B66: CUP | C66: 2010 | D66: CRS | E66: 2 | F66: MARZO | G66: Paciente 16 | H66: 19062997 | I66: SINDROME MIELODISPLASICO | J66: 1 | K66: 10 | N66: =(M66-K66)/K66 -> -1 | O66: ='7. Costos'!$B$7*'4. PE filtra'!I46+'7. Costos'!$B$15+'7. Costos'!$B$25 -> 904918 | P66: =K66*'7. Costos'!$B$8+'7. Costos'!$B$15+'7. Costos'!D$25 -> 3473465 | Q66: =('7. Costos'!$H$25*'5. CUP filtra'!F44) -> 0
A67: 5 | B67: PE | C67: 2009 | D67: CRS | E67: 5 | F67: OCTUBRE | G67: Paciente 53 | H67: 79657252 | I67: LEUCEMIA MIELOIDE AGUDA | J67: 8 | K67: 28 | M67: 21 | N67: =(M67-K67)/K67 -> -0.25 | O67: ='7. Costos'!$B$7*'4. PE filtra'!I47+'7. Costos'!$B$15+'7. Costos'!$B$25 -> 904918 | P67: =K67*'7. Costos'!$B$8+'7. Costos'!$B$15+'7. Costos'!D$25 -> 9604040 | Q67: =('7. Costos'!$H$25*'5. CUP filtra'!F45) -> 0
A68: 5 | B68: PE | C68: 2009 | D68: CRS | E68: 5 | F68: OCTUBRE | G68: Paciente 53 | H68: 79657252 | I68: LEUCEMIA MIELOIDE AGUDA | J68: 8 | K68: 10 | M68: 30 | N68: =(M68-K68)/K68 -> 2 | O68: ='7. Costos'!$B$7*'4. PE filtra'!#REF!+'7. Costos'!$B$15+'7. Costos'!$B$25 -> #REF! | P68: =K68*'7. Costos'!$B$8+'7. Costos'!$B$15+'7. Costos'!D$25 -> 3473465 | Q68: =('7. Costos'!$H$25*'5. CUP filtra'!F46) -> 0
A69: 5 | B69: PE | C69: 2009 | D69: CRS | E69: 5 | F69: OCTUBRE | G69: Paciente 53 | H69: 79657252 | I69: LEUCEMIA MIELOIDE AGUDA | J69: 8 | K69: 20 | M69: 17 | N69: =(M69-K69)/K69 -> -0.15 | O69: ='7. Costos'!$B$7*'4. PE filtra'!#REF!+'7. Costos'!$B$15+'7. Costos'!$B$25 -> #REF! | P69: =K69*'7. Costos'!$B$8+'7. Costos'!$B$15+'7. Costos'!D$25 -> 6879340 | Q69: =('7. Costos'!$H$25*'5. CUP filtra'!F47) -> 0
A70: 5 | B70: PE | C70: 2009 | D70: CRS | E70: 5 | F70: NOVIEMBRE | G70: Paciente 53 | H70: 79657252 | I70: LEUCEMIA MIELOIDE AGUDA | J70: 7 | K70: 31 | M70: 33 | N70: =(M70-K70)/K70 -> 0.064516129 | O70: ='7. Costos'!$B$7*'4. PE filtra'!I48+'7. Costos'!$B$15+'7. Costos'!$B$25 -> 904918 | P70: =K70*'7. Costos'!$B$8+'7. Costos'!$B$15+'7. Costos'!D$25 -> 10625802 | Q70: =('7. Costos'!$H$25*'5. CUP filtra'!F48) -> 0
A71: 5 | B71: PE | C71: 2009 | D71: CRS | E71: 5 | F71: NOVIEMBRE | G71: Paciente 53 | H71: 79657252 | I71: LEUCEMIA MIELOIDE AGUDA | J71: 6 | K71: 45 | M71: 71 | N71: =(M71-K71)/K71 -> 0.57777778 | O71: ='7. Costos'!$B$7*'4. PE filtra'!I49+'7. Costos'!$B$15+'7. Costos'!$B$25 -> 833835.5 | P71: =K71*'7. Costos'!$B$8+'7. Costos'!$B$15+'7. Costos'!D$25 -> 15394028 | Q71: =('7. Costos'!$H$25*'5. CUP filtra'!F49) -> 0
A72: 5 | B72: CUP | C72: 2009 | D72: CRS | E72: 2 | F72: NOVIEMBRE | G72: Paciente 53 | H72: 79657252 | I72: LEUCEMIA MIELOIDE AGUDA | J72: 1 | K72: 11 | M72: 28 | N72: =(M72-K72)/K72 -> 1.5454545 | O72: ='7. Costos'!$B$7*'4. PE filtra'!I50+'7. Costos'!$B$15+'7. Costos'!$B$25 -> 762753 | P72: =K72*'7. Costos'!$B$8+'7. Costos'!$B$15+'7. Costos'!D$25 -> 3814052.5 | Q72: =('7. Costos'!$H$25*'5. CUP filtra'!F50) -> 0
A73: 5 | B73: CUP | C73: 2009 | D73: CRS | E73: 2 | F73: NOVIEMBRE | G73: Paciente 53 | H73: 79657252 | I73: LEUCEMIA MIELOIDE AGUDA | J73: 1 | K73: 13 | M73: 20 | N73: =(M73-K73)/K73 -> 0.53846154 | O73: ='7. Costos'!$B$7*'4. PE filtra'!I51+'7. Costos'!$B$15+'7. Costos'!$B$25 -> 1047083 | P73: =K73*'7. Costos'!$B$8+'7. Costos'!$B$15+'7. Costos'!D$25 -> 4495227.5 | Q73: =('7. Costos'!$H$25*'5. CUP filtra'!F51) -> 0
B74: PE | C74: 2009 | D74: CRS | E74: 2 | F74: NOVIEMBRE | G74: Paciente 56 | H74: 86044123 | I74: LEUCEMIA LINFOIDE AGUDA | J74: 6 | K74: 35 | M74: 34 | N74: =(M74-K74)/K74 -> -0.028571429 | O74: ='7. Costos'!$B$7*'4. PE filtra'!I52+'7. Costos'!$B$15+'7. Costos'!$B$25 -> 833835.5 | P74: =K74*'7. Costos'!$B$8+'7. Costos'!$B$15+'7. Costos'!D$25 -> 11988152 | Q74: =('7. Costos'!$H$25*'5. CUP filtra'!F52) -> 0
B75: PE | C75: 2009 | D75: CRS | E75: 2 | F75: NOVIEMBRE | G75: Paciente 56 | H75: 86044123 | I75: LEUCEMIA LINFOIDE AGUDA | J75: 6 | K75: 36 | M75: 31 | N75: =(M75-K75)/K75 -> -0.13888889 | O75: ='7. Costos'!$B$7*'4. PE filtra'!I53+'7. Costos'!$B$15+'7. Costos'!$B$25 -> 904918 | P75: =K75*'7. Costos'!$B$8+'7. Costos'!$B$15+'7. Costos'!D$25 -> 12328740 | Q75: =('7. Costos'!$H$25*'5. CUP filtra'!F53) -> 0
B76: PE | C76: 2009 | D76: CRS | E76: 2 | F76: NOVIEMBRE | G76: Paciente 56 | H76: 86044123 | I76: LEUCEMIA LINFOIDE AGUDA | J76: 7 | K76: 12 | M76: 8 | N76: =(M76-K76)/K76 -> -0.33333333 | O76: ='7. Costos'!$B$7*'4. PE filtra'!J54+'7. Costos'!$B$15+'7. Costos'!$B$25 -> 478423 | P76: =K76*'7. Costos'!$B$8+'7. Costos'!$B$15+'7. Costos'!D$25 -> 4154640 | Q76: =('7. Costos'!$H$25*'5. CUP filtra'!F54) -> 0
B77: PE | C77: 2009 | D77: CRS | E77: 2 | F77: NOVIEMBRE | G77: Paciente 56 | H77: 86044123 | I77: LEUCEMIA LINFOIDE AGUDA | J77: 8 | K77: 23 | M77: 20 | N77: =(M77-K77)/K77 -> -0.13043478 | O77: ='7. Costos'!$B$7*'4. PE filtra'!J55+'7. Costos'!$B$15+'7. Costos'!$B$25 -> 478423 | P77: =K77*'7. Costos'!$B$8+'7. Costos'!$B$15+'7. Costos'!D$25 -> 7901102.5 | Q77: =('7. Costos'!$H$25*'5. CUP filtra'!F55) -> 0
B78: PE | C78: 2009 | D78: CRS | E78: 2 | F78: NOVIEMBRE | G78: Paciente 56 | H78: 86044123 | I78: LEUCEMIA LINFOIDE AGUDA | J78: 8 | K78: 4 | M78: 27 | N78: =(M78-K78)/K78 -> 5.75 | O78: ='7. Costos'!$B$7*'4. PE filtra'!J56+'7. Costos'!$B$15+'7. Costos'!$B$25 -> 478423 | P78: =K78*'7. Costos'!$B$8+'7. Costos'!$B$15+'7. Costos'!D$25 -> 1429940 | Q78: =('7. Costos'!$H$25*'5. CUP filtra'!F56) -> 0
B79: PE | C79: 2009 | D79: CRS | E79: 2 | F79: NOVIEMBRE | G79: Paciente 56 | H79: 86044123 | I79: LEUCEMIA LINFOIDE AGUDA | J79: 8 | K79: 21 | M79: 9 | N79: =(M79-K79)/K79 -> -0.57142857 | O79: ='7. Costos'!$B$7*'4. PE filtra'!J57+'7. Costos'!$B$15+'7. Costos'!$B$25 -> 478423 | P79: =K79*'7. Costos'!$B$8+'7. Costos'!$B$15+'7. Costos'!D$25 -> 7219927.5 | Q79: =('7. Costos'!$H$25*'5. CUP filtra'!F57) -> 0
B80: PE | C80: 2009 | D80: CRS | E80: 2 | F80: NOVIEMBRE | G80: Paciente 56 | H80: 86044123 | I80: LEUCEMIA LINFOIDE AGUDA | J80: 8 | K80: 13 | M80: 16 | N80: =(M80-K80)/K80 -> 0.23076923 | O80: ='7. Costos'!$B$7*'4. PE filtra'!J58+'7. Costos'!$B$15+'7. Costos'!$B$25 -> 478423 | P80: =K80*'7. Costos'!$B$8+'7. Costos'!$B$15+'7. Costos'!D$25 -> 4495227.5 | Q80: =('7. Costos'!$H$25*'5. CUP filtra'!F58) -> 0
B81: PE | C81: 2009 | D81: CRS | E81: 2 | F81: DICIEMBRE | G81: Paciente 56 | H81: 86044123 | I81: LEUCEMIA LINFOIDE AGUDA | J81: 8 | K81: 19 | M81: 13 | N81: =(M81-K81)/K81 -> -0.31578947 | O81: ='7. Costos'!$B$7*'4. PE filtra'!J59+'7. Costos'!$B$15+'7. Costos'!$B$25 -> 478423 | P81: =K81*'7. Costos'!$B$8+'7. Costos'!$B$15+'7. Costos'!D$25 -> 6538752.5 | Q81: =('7. Costos'!$H$25*'5. CUP filtra'!F59) -> 0
B82: PE | C82: 2009 | D82: CRS | E82: 2 | F82: DICIEMBRE | G82: Paciente 56 | H82: 86044123 | I82: LEUCEMIA LINFOIDE AGUDA | J82: 7 | K82: 22 | M82: 13 | N82: =(M82-K82)/K82 -> -0.40909091 | O82: ='7. Costos'!$B$7*'4. PE filtra'!J60+'7. Costos'!$B$15+'7. Costos'!$B$25 -> 478423 | P82: =K82*'7. Costos'!$B$8+'7. Costos'!$B$15+'7. Costos'!D$25 -> 7560515 | Q82: =('7. Costos'!$H$25*'5. CUP filtra'!F60) -> 0
B83: PE | C83: 2009 | D83: CRS | E83: 2 | F83: DICIEMBRE | G83: Paciente 56 | H83: 86044123 | I83: LEUCEMIA LINFOIDE AGUDA | J83: 3 | K83: 27 | M83: 15 | N83: =(M83-K83)/K83 -> -0.44444444 | O83: ='7. Costos'!$B$7*'4. PE filtra'!J61+'7. Costos'!$B$15+'7. Costos'!$B$25 -> 478423 | P83: =K83*'7. Costos'!$B$8+'7. Costos'!$B$15+'7. Costos'!D$25 -> 9263452.5 | Q83: =('7. Costos'!$H$25*'5. CUP filtra'!F61) -> 0
B84: PE | C84: 2009 | D84: CRS | E84: 2 | F84: DICIEMBRE | G84: Paciente 56 | H84: 86044123 | I84: LEUCEMIA LINFOIDE AGUDA | J84: 7 | K84: 30 | M84: 18 | N84: =(M84-K84)/K84 -> -0.4 | O84: ='7. Costos'!$B$7*'4. PE filtra'!J62+'7. Costos'!$B$15+'7. Costos'!$B$25 -> 478423 | P84: =K84*'7. Costos'!$B$8+'7. Costos'!$B$15+'7. Costos'!D$25 -> 10285215 | Q84: =('7. Costos'!$H$25*'5. CUP filtra'!F62) -> 0
B85: PE | C85: 2009 | D85: CRS | E85: 2 | F85: DICIEMBRE | G85: Paciente 56 | H85: 86044123 | I85: LEUCEMIA LINFOIDE AGUDA | J85: 7 | K85: 8 | M85: 3 | N85: =(M85-K85)/K85 -> -0.625 | O85: ='7. Costos'!$B$7*'4. PE filtra'!J63+'7. Costos'!$B$15+'7. Costos'!$B$25 -> 478423 | P85: =K85*'7. Costos'!$B$8+'7. Costos'!$B$15+'7. Costos'!D$25 -> 2792290 | Q85: =('7. Costos'!$H$25*'5. CUP filtra'!F63) -> 0
B86: PE | C86: 2010 | D86: CRS | E86: 2 | F86: ENERO | G86: Paciente 56 | H86: 86044123 | I86: LEUCEMIA LINFOIDE AGUDA | J86: 7 | K86: 9 | M86: 7 | N86: =(M86-K86)/K86 -> -0.22222222 | O86: ='7. Costos'!$B$7*'4. PE filtra'!J64+'7. Costos'!$B$15+'7. Costos'!$B$25 -> 478423 | P86: =K86*'7. Costos'!$B$8+'7. Costos'!$B$15+'7. Costos'!D$25 -> 3132877.5 | Q86: =('7. Costos'!$H$25*'5. CUP filtra'!F64) -> 0
B87: PE | C87: 2010 | D87: CRS | E87: 2 | F87: ENERO | G87: Paciente 56 | H87: 86044123 | I87: LEUCEMIA LINFOIDE AGUDA | J87: 5 | K87: 26 | M87: 51 | N87: =(M87-K87)/K87 -> 0.96153846 | O87: ='7. Costos'!$B$7*'4. PE filtra'!J65+'7. Costos'!$B$15+'7. Costos'!$B$25 -> 478423 | P87: =K87*'7. Costos'!$B$8+'7. Costos'!$B$15+'7. Costos'!D$25 -> 8922865 | Q87: =('7. Costos'!$H$25*'5. CUP filtra'!F65) -> 0
... B93: PE | C93: 2010 | D93: CRS | E93: 2 | F93: FEBRERO | G93: Paciente 56 | H93: 86044123 | I93: LEUCEMIA LINFOIDE AGUDA | J93: 7 | K93: 5 | M93: 10 | N93: =(M93-K93)/K93 -> 1 | O93: ='7. Costos'!$B$7*'4. PE filtra'!J71+'7. Costos'!$B$15+'7. Costos'!$B$25 -> 478423 | P93: =K93*'7. Costos'!$B$8+'7. Costos'!$B$15+'7. Costos'!D$25 -> 1770527.5 | Q93: =('7. Costos'!$H$25*'5. CUP filtra'!F71) -> 0
B94: CUP | C94: 2009 | D94: CRS | E94: 7 | F94: DICIEMBRE | G94: Paciente 56 | H94: 86044123 | I94: LEUCEMIA LINFOIDE AGUDA | J94: 1 | K94: 12 | M94: 25 | N94: =(M94-K94)/K94 -> 1.0833333 | O94: =J94*'7. Costos'!$B$8+'7. Costos'!$B$15+'7. Costos'!C$25 -> 408177.5 | P94: =K94*'7. Costos'!$B$8+'7. Costos'!$B$15+'7. Costos'!D$25 -> 4154640 | Q94: =('7. Costos'!$H$25*'5. CUP filtra'!F72) -> 0
B95: CUP | C95: 2009 | D95: CRS | E95: 7 | F95: DICIEMBRE | G95: Paciente 56 | H95: 86044123 | I95: LEUCEMIA LINFOIDE AGUDA | J95: 1 | K95: 15 | M95: 54 | N95: =(M95-K95)/K95 -> 2.6 | O95: =J95*'7. Costos'!$B$8+'7. Costos'!$B$15+'7. Costos'!C$25 -> 408177.5 | P95: =K95*'7. Costos'!$B$8+'7. Costos'!$B$15+'7. Costos'!D$25 -> 5176402.5 | Q95: =('7. Costos'!$H$25*'5. CUP filtra'!F73) -> 0
B96: CUP | C96: 2009 | D96: CRS | E96: 7 | F96: DICIEMBRE | G96: Paciente 56 | H96: 86044123 | I96: LEUCEMIA LINFOIDE AGUDA | J96: 1 | K96: 13 | M96: 27 | N96: =(M96-K96)/K96 -> 1.0769231 | O96: =J96*'7. Costos'!$B$8+'7. Costos'!$B$15+'7. Costos'!C$25 -> 408177.5 | P96: =K96*'7. Costos'!$B$8+'7. Costos'!$B$15+'7. Costos'!D$25 -> 4495227.5 | Q96: =('7. Costos'!$H$25*'5. CUP filtra'!F74) -> 0
B97: CUP | C97: 2010 | D97: CRS | E97: 7 | F97: ENERO | G97: Paciente 56 | H97: 86044123 | I97: LEUCEMIA LINFOIDE AGUDA | J97: 1 | K97: 7 | M97: 26 | N97: =(M97-K97)/K97 -> 2.7142857 | O97: =J97*'7. Costos'!$B$8+'7. Costos'!$B$15+'7. Costos'!C$25 -> 408177.5 | P97: =K97*'7. Costos'!$B$8+'7. Costos'!$B$15+'7. Costos'!D$25 -> 2451702.5 | Q97: =('7. Costos'!$H$25*'5. CUP filtra'!F75) -> 0
B98: CUP | C98: 2010 | D98: CRS | E98: 7 | F98: ENERO | G98: Paciente 56 | H98: 86044123 | I98: LEUCEMIA LINFOIDE AGUDA | J98: 1 | K98: 9 | M98: 17 | N98: =(M98-K98)/K98 -> 0.88888889 | O98: =J98*'7. Costos'!$B$8+'7. Costos'!$B$15+'7. Costos'!C$25 -> 408177.5 | P98: =K98*'7. Costos'!$B$8+'7. Costos'!$B$15+'7. Costos'!D$25 -> 3132877.5 | Q98: =('7. Costos'!$H$25*'5. CUP filtra'!F76) -> 0
B99: CUP | C99: 2010 | D99: CRS | E99: 7 | F99: ENERO | G99: Paciente 56 | H99: 86044123 | I99: LEUCEMIA LINFOIDE AGUDA | J99: 1 | K99: 9 | M99: 15 | N99: =(M99-K99)/K99 -> 0.66666667 | O99: =J99*'7. Costos'!$B$8+'7. Costos'!$B$15+'7. Costos'!C$25 -> 408177.5 | P99: =K99*'7. Costos'!$B$8+'7. Costos'!$B$15+'7. Costos'!D$25 -> 3132877.5 | Q99: =('7. Costos'!$H$25*'5. CUP filtra'!F77) -> 0
B100: CUP | C100: 2010 | D100: CRS | E100: 7 | F100: ENERO | G100: Paciente 56 | H100: 86044123 | I100: LEUCEMIA LINFOIDE AGUDA | J100: 1 | K100: 10 | M100: 13 | N100: =(M100-K100)/K100 -> 0.3 | O100: =J100*'7. Costos'!$B$8+'7. Costos'!$B$15+'7. Costos'!C$25 -> 408177.5 | P100: =K100*'7. Costos'!$B$8+'7. Costos'!$B$15+'7. Costos'!D$25 -> 3473465 | Q100: =('7. Costos'!$H$25*'5. CUP filtra'!F78) -> 0
B101: CUP | C101: 2010 | D101: CRS | E101: 7 | F101: ENERO | G101: Paciente 56 | H101: 86044123 | I101: LEUCEMIA LINFOIDE AGUDA | J101: 1 | K101: 9 | M101: 23 | N101: =(M101-K101)/K101 -> 1.5555556 | O101: =J101*'7. Costos'!$B$8+'7. Costos'!$B$15+'7. Costos'!C$25 -> 408177.5 | P101: =K101*'7. Costos'!$B$8+'7. Costos'!$B$15+'7. Costos'!D$25 -> 3132877.5 | Q101: =('7. Costos'!$H$25*'5. CUP filtra'!F79) -> 0
B102: CUP | C102: 2010 | D102: CRS | E102: 7 | F102: ENERO | G102: Paciente 56 | H102: 86044123 | I102: LEUCEMIA LINFOIDE AGUDA | J102: 1 | K102: 9 | M102: 23 | N102: =(M102-K102)/K102 -> 1.5555556 | O102: =J102*'7. Costos'!$B$8+'7. Costos'!$B$15+'7. Costos'!C$25 -> 408177.5 | P102: =K102*'7. Costos'!$B$8+'7. Costos'!$B$15+'7. Costos'!D$25 -> 3132877.5 | Q102: =('7. Costos'!$H$25*'5. CUP filtra'!F80) -> 0
B103: CUP | C103: 2010 | D103: CRS | E103: 7 | F103: ENERO | G103: Paciente 56 | H103: 86044123 | I103: LEUCEMIA LINFOIDE AGUDA | J103: 1 | K103: 23 | M103: 11 | N103: =(M103-K103)/K103 -> -0.52173913 | O103: =J103*'7. Costos'!$B$8+'7. Costos'!$B$15+'7. Costos'!C$25 -> 408177.5 | P103: =K103*'7. Costos'!$B$8+'7. Costos'!$B$15+'7. Costos'!D$25 -> 7901102.5 | Q103: =('7. Costos'!$H$25*'5. CUP filtra'!F81) -> 0
B104: CUP | C104: 2010 | D104: CRS | E104: 7 | F104: ENERO | G104: Paciente 56 | H104: 86044123 | I104: LEUCEMIA LINFOIDE AGUDA | J104: 1 | K104: 12 | M104: 18 | N104: =(M104-K104)/K104 -> 0.5 | O104: =J104*'7. Costos'!$B$8+'7. Costos'!$B$15+'7. Costos'!C$25 -> 408177.5 | P104: =K104*'7. Costos'!$B$8+'7. Costos'!$B$15+'7. Costos'!D$25 -> 4154640 | Q104: =('7. Costos'!$H$25*'5. CUP filtra'!F82) -> 0
B105: CUP | C105: 2010 | D105: CRS | E105: 7 | F105: ENERO | G105: Paciente 56 | H105: 86044123 | I105: LEUCEMIA LINFOIDE AGUDA | J105: 1 | K105: 22 | M105: 12 | N105: =(M105-K105)/K105 -> -0.45454545 | O105: =J105*'7. Costos'!$B$8+'7. Costos'!$B$15+'7. Costos'!C$25 -> 408177.5 | P105: =K105*'7. Costos'!$B$8+'7. Costos'!$B$15+'7. Costos'!D$25 -> 7560515 | Q105: =('7. Costos'!$H$25*'5. CUP filtra'!F83) -> 0
...

Sheet 3. Ptes CUP 
A1: AÑO | B1: CLINICA | C1: PACIENTES | D1: No TRANSFUSIONES | E1: MES | F1: NOMBRE | G1: ID | H1: DX | I1: No CUP | J1: CONTROL 1-6 H | K1: CONTROL 7-12H | L1: CONTROL>12 H | M1: SI RAT | N1: NO RAT | O1: COSTO DIRECTO | P1: COSTO INDIRECTO
A2: 2010 | B2: CUC | C2: 1 | E2: MARZO | F2: Paciente 61 | G2: 1018431871 | H2: LEUCEMIA LINFOBLASTICA AGUDA | I2: 2
A3: 2010 | B3: CUC | C3: 1 | E3: MARZO | F3: Paciente 61 | G3: 1018431871 | H3: LEUCEMIA LINFOBLASTICA AGUDA | I3: 1
A4: 2010 | B4: CUC | C4: 1 | E4: MARZO | F4: Paciente 61 | G4: 1018431871 | H4: LEUCEMIA LINFOBLASTICA AGUDA | I4: 1
A5: 2010 | B5: CUC | C5: 2 | E5: ABRIL | F5: Paciente 52 | G5: 79470544 | H5: TROMBOCITOPENIA | I5: 1
A6: 2010 | B6: CUC | C6: 3 | E6: MAYO | F6: Paciente 58 | G6: 950803050 | H6: PURPURA TROMBOCITOPENICA | I6: 1
A7: 2010 | B7: CUC | C7: 4 | E7: JUNIO | F7: Paciente 18 | G7: 19073611 | H7: LEUCEMIA PROMIELOCITICA | I7: 1
A8: 2009 | B8: CRS | C8: 5 | E8: MARZO | F8: Paciente 65 | G8: 94042703367 | H8: LEUCEMIA LINFOIDE AGUDA | I8: 1
A9: 2009 | B9: CRS | C9: 5 | E9: MARZO | F9: Paciente 65 | G9: 94042703367 | H9: LEUCEMIA LINFOIDE AGUDA | I9: 2
A10: 2009 | B10: CRS | C10: 5 | E10: MARZO | F10: Paciente 65 | G10: 94042703367 | H10: LEUCEMIA LINFOIDE AGUDA | I10: 1
A11: 2009 | B11: CRS | C11: 5 | E11: MARZO | F11: Paciente 65 | G11: 94042703367 | H11: LEUCEMIA LINFOIDE AGUDA | I11: 1
A12: 2009 | B12: CRS | C12: 5 | E12: MARZO | F12: Paciente 65 | G12: 94042703367 | H12: LEUCEMIA LINFOIDE AGUDA | I12: 1
A13: 2009 | B13: CRS | C13: 5 | E13: MARZO | F13: Paciente 65 | G13: 94042703367 | H13: LEUCEMIA LINFOIDE AGUDA | I13: 1
... A76: 2010 | B76: CRS | C76: 15 | E76: MARZO | F76: Paciente 21 | G76: 19314402 | H76: MIELOMA MULTIPLE | I76: 1

Sheet 4. PE filtra
A1: AÑO | B1: CLINICA | C1: PACIENTES | D1: No TRANSFUSIONES | E1: MES | F1: NOMBRE | G1: ID | H1: DX | I1: No PE | J1: CONTROL 1-6 H | K1: CONTROL 7-12H | L1: CONTROL>12 H | M1: INCREMENTO | N1: COSTO DIRECTO | O1: COSTO INDIRECTO
A2: 2009 | B2: CRS | C2: 7 | D2: 6 | E2: MAYO | F2: Paciente 26 | G2: 20222931 | H2: SINDROME MIELODISPLASICO | I2: 8 | J2: 28 | L2: 45 | M2: =(L2-J2)/J2 -> 0.60714286 | N2: ='7. Costos'!$B$7*'4. PE filtra'!I2+'7. Costos'!$B$15+'7. Costos'!$B$25 -> 1047083 | O2: =('7. Costos'!$G$25*D2) -> 2378713.6
A3: 2009 | B3: CRS | C3: 7 | D3: 6 | E3: MAYO | F3: Paciente 26 | G3: 20222931 | H3: SINDROME MIELODISPLASICO | I3: 8 | J3: 12 | L3: 32 | M3: =(L3-J3)/J3 -> 1.6666667 | N3: ='7. Costos'!$B$7*'4. PE filtra'!I3+'7. Costos'!$B$15+'7. Costos'!$B$25 -> 1047083 | O3: =('7. Costos'!$G$25*D3) -> 2378713.6
A4: 2009 | B4: CRS | C4: 7 | D4: 6 | E4: MAYO | F4: Paciente 26 | G4: 20222931 | H4: SINDROME MIELODISPLASICO | I4: 7 | J4: 10 | L4: 27 | M4: =(L4-J4)/J4 -> 1.7 | N4: ='7. Costos'!$B$7*'4. PE filtra'!I4+'7. Costos'!$B$15+'7. Costos'!$B$25 -> 976000.5 | O4: =('7. Costos'!$G$25*D4) -> 2378713.6
A5: 2009 | B5: CRS | C5: 7 | D5: 6 | E5: MAYO | F5: Paciente 26 | G5: 20222931 | H5: SINDROME MIELODISPLASICO | I5: 6 | J5: 19 | L5: 7 | M5: =(L5-J5)/J5 -> -0.63157895 | N5: ='7. Costos'!$B$7*'4. PE filtra'!I5+'7. Costos'!$B$15+'7. Costos'!$B$25 -> 904918 | O5: =('7. Costos'!$G$25*D5) -> 2378713.6
A6: 2009 | B6: CRS | C6: 7 | D6: 6 | E6: MAYO | F6: Paciente 26 | G6: 20222931 | H6: SINDROME MIELODISPLASICO | I6: 8 | J6: 5 | L6: 6 | M6: =(L6-J6)/J6 -> 0.2 | N6: ='7. Costos'!$B$7*'4. PE filtra'!I6+'7. Costos'!$B$15+'7. Costos'!$B$25 -> 1047083 | O6: =('7. Costos'!$G$25*D6) -> 2378713.6
A7: 2009 | B7: CRS | C7: 7 | D7: 6 | E7: MAYO | F7: Paciente 26 | G7: 20222931 | H7: SINDROME MIELODISPLASICO | I7: 8 | J7: 5 | L7: 15 | M7: =(L7-J7)/J7 -> 2 | N7: ='7. Costos'!$B$7*'4. PE filtra'!I7+'7. Costos'!$B$15+'7. Costos'!$B$25 -> 1047083 | O7: =('7. Costos'!$G$25*D7) -> 2378713.6
A8: 2009 | B8: CUC | C8: 8 | D8: 5 | E8: ABRIL | F8: Paciente 14 | G8: 17056253 | H8: APLASIA MEDULAR | I8: 5 | J8: 14 | L8: 29 | M8: =(L8-J8)/J8 -> 1.0714286 | N8: ='7. Costos'!$B$7*'4. PE filtra'!I8+'7. Costos'!$B$15+'7. Costos'!$B$25 -> 833835.5 | O8: =('7. Costos'!$G$25*D8) -> 1982261.4
A9: 2009 | B9: CUC | C9: 8 | D9: 5 | E9: JULIO | F9: Paciente 14 | G9: 17056253 | H9: APLASIA MEDULAR | I9: 5 | J9: 8 | L9: 15 | M9: =(L9-J9)/J9 -> 0.875 | N9: ='7. Costos'!$B$7*'4. PE filtra'!I9+'7. Costos'!$B$15+'7. Costos'!$B$25 -> 833835.5 | O9: =('7. Costos'!$G$25*D9) -> 1982261.4
A10: 2009 | B10: CUC | C10: 8 | D10: 5 | E10: JULIO | F10: Paciente 14 | G10: 17056253 | H10: APLASIA MEDULAR | I10: 6 | J10: 35 | L10: 14 | M10: =(L10-J10)/J10 -> -0.6 | N10: ='7. Costos'!$B$7*'4. PE filtra'!I10+'7. Costos'!$B$15+'7. Costos'!$B$25 -> 904918 | O10: =('7. Costos'!$G$25*D10) -> 1982261.4
A11: 2009 | B11: CUC | C11: 8 | D11: 5 | E11: AGOSTO | F11: Paciente 14 | G11: 17056253 | H11: APLASIA MEDULAR | I11: 6 | J11: 17 | L11: 10 | M11: =(L11-J11)/J11 -> -0.41176471 | N11: ='7. Costos'!$B$7*'4. PE filtra'!I11+'7. Costos'!$B$15+'7. Costos'!$B$25 -> 904918 | O11: =('7. Costos'!$G$25*D11) -> 1982261.4
A12: 2009 | B12: CUC | C12: 8 | D12: 5 | E12: AGOSTO | F12: Paciente 14 | G12: 17056253 | H12: APLASIA MEDULAR | I12: 6 | J12: 9 | L12: 8 | M12: =(L12-J12)/J12 -> -0.11111111 | N12: ='7. Costos'!$B$7*'4. PE filtra'!I12+'7. Costos'!$B$15+'7. Costos'!$B$25 -> 904918 | O12: =('7. Costos'!$G$25*D12) -> 1982261.4
A13: 2009 | B13: CUC | C13: 9 | D13: 5 | E13: DICIEMBRE | F13: Paciente 19 | G13: 19111136 | H13: LEUCEMIA | I13: 7 | J13: 21 | K13: 58 | L13: 53 | M13: =(L13-J13)/J13 -> 1.5238095 | N13: ='7. Costos'!$B$7*'4. PE filtra'!I13+'7. Costos'!$B$15+'7. Costos'!$B$25 -> 976000.5 | O13: =('7. Costos'!$G$25*D13) -> 1982261.4
A14: 2009 | B14: CUC | C14: 9 | D14: 5 | E14: DICIEMBRE | F14: Paciente 19 | G14: 19111136 | H14: LEUCEMIA | I14: 7 | J14: 37 | L14: 26 | M14: =(L14-J14)/J14 -> -0.2972973 | N14: ='7. Costos'!$B$7*'4. PE filtra'!I14+'7. Costos'!$B$15+'7. Costos'!$B$25 -> 976000.5 | O14: =('7. Costos'!$G$25*D14) -> 1982261.4
A15: 2009 | B15: CUC | C15: 9 | D15: 5 | E15: DICIEMBRE | F15: Paciente 19 | G15: 19111136 | H15: LEUCEMIA | I15: 6 | J15: 18 | L15: 31 | M15: =(L15-J15)/J15 -> 0.72222222 | N15: ='7. Costos'!$B$7*'4. PE filtra'!I15+'7. Costos'!$B$15+'7. Costos'!$B$25 -> 904918 | O15: =('7. Costos'!$G$25*D15) -> 1982261.4
A16: 2010 | B16: CUC | C16: 9 | D16: 5 | E16: FEBRERO | F16: Paciente 19 | G16: 19111136 | H16: LEUCEMIA MIELOIDE AGUDA | I16: 8 | J16: 7 | L16: 8 | M16: =(L16-J16)/J16 -> 0.14285714 | N16: ='7. Costos'!$B$7*'4. PE filtra'!I16+'7. Costos'!$B$15+'7. Costos'!$B$25 -> 1047083 | O16: =('7. Costos'!$G$25*D16) -> 1982261.4
A17: 2010 | B17: CUC | C17: 9 | D17: 5 | E17: FEBRERO | F17: Paciente 19 | G17: 19111136 | H17: LEUCEMIA MIELOIDE AGUDA | I17: 8 | J17: 4 | L17: 11 | M17: =(L17-J17)/J17 -> 1.75 | N17: ='7. Costos'!$B$7*'4. PE filtra'!I17+'7. Costos'!$B$15+'7. Costos'!$B$25 -> 1047083 | O17: =('7. Costos'!$G$25*D17) -> 1982261.4
A18: 2009 | B18: CUC | C18: 11 | D18: 5 | E18: JUNIO | F18: Paciente 62 | G18: 1019014592 | H18: LEUCEMIA LINFOBLASTICA - CELULAS B | I18: 5 | J18: 2 | L18: 19 | M18: =(L18-J18)/J18 -> 8.5 | N18: ='7. Costos'!$B$7*'4. PE filtra'!I18+'7. Costos'!$B$15+'7. Costos'!$B$25 -> 833835.5 | O18: =('7. Costos'!$G$25*D18) -> 1982261.4
A19: 2009 | B19: CUC | C19: 11 | D19: 5 | E19: JUNIO | F19: Paciente 62 | G19: 1019014592 | H19: LEUCEMIA LINFOBLASTICA - CELULAS B | I19: 10 | J19: 13 | L19: 12 | M19: =(L19-J19)/J19 -> -0.076923077 | N19: ='7. Costos'!$B$7*'4. PE filtra'!I19+'7. Costos'!$B$15+'7. Costos'!$B$25 -> 1189248 | O19: =('7. Costos'!$G$25*D19) -> 1982261.4
A20: 2009 | B20: CUC | C20: 11 | D20: 5 | E20: JUNIO | F20: Paciente 62 | G20: 1019014592 | H20: LEUCEMIA LINFOCITICA AGUDA | I20: 8 | J20: 6 | L20: 26 | M20: =(L20-J20)/J20 -> 3.3333333 | N20: ='7. Costos'!$B$7*'4. PE filtra'!I20+'7. Costos'!$B$15+'7. Costos'!$B$25 -> 1047083 | O20: =('7. Costos'!$G$25*D20) -> 1982261.4
A21: 2009 | B21: CUC | C21: 11 | D21: 5 | E21: AGOSTO | F21: Paciente 62 | G21: 1019014592 | H21: LEUCEMIA LINFOBLASTICA - CELULAS B | I21: 10 | J21: 3 | L21: 20 | M21: =(L21-J21)/J21 -> 5.6666667 | N21: ='7. Costos'!$B$7*'4. PE filtra'!I21+'7. Costos'!$B$15+'7. Costos'!$B$25 -> 1189248 | O21: =('7. Costos'!$G$25*D21) -> 1982261.4
A22: 2010 | B22: CUC | C22: 11 | D22: 5 | E22: ENERO | F22: Paciente 62 | G22: 1019014592 | H22: LEUCEMIA LINFOBLASTICA - CELULAS B | I22: 6 | J22: 2 | K22: 32 | M22: =(L22-J22)/J22 -> -1 | N22: ='7. Costos'!$B$7*'4. PE filtra'!I22+'7. Costos'!$B$15+'7. Costos'!$B$25 -> 904918 | O22: =('7. Costos'!$G$25*D22) -> 1982261.4
A23: 2009 | B23: CRS | C23: 13 | D23: 3 | E23: ABRIL | F23: Paciente 40 | G23: 41327387 | H23: LEUCEMIA MIELOIDE AGUDA | I23: 5 | J23: 13 | L23: 30 | M23: =(L23-J23)/J23 -> 1.3076923 | N23: ='7. Costos'!$B$7*'4. PE filtra'!I23+'7. Costos'!$B$15+'7. Costos'!$B$25 -> 833835.5 | O23: =('7. Costos'!$G$25*D23) -> 1189356.8
A24: 2009 | B24: CRS | C24: 13 | D24: 3 | E24: ABRIL | F24: Paciente 40 | G24: 41327387 | H24: LEUCEMIA MIELOIDE AGUDA | I24: 6 | J24: 13 | L24: 36 | M24: =(L24-J24)/J24 -> 1.7692308 | N24: ='7. Costos'!$B$7*'4. PE filtra'!I24+'7. Costos'!$B$15+'7. Costos'!$B$25 -> 904918 | O24: =('7. Costos'!$G$25*D24) -> 1189356.8
A25: 2009 | B25: CRS | C25: 13 | D25: 3 | E25: ABRIL | F25: Paciente 40 | G25: 41327387 | H25: LEUCEMIA MIELOIDE AGUDA | I25: 5 | J25: 14 | L25: 30 | M25: =(L25-J25)/J25 -> 1.1428571 | N25: ='7. Costos'!$B$7*'4. PE filtra'!I25+'7. Costos'!$B$15+'7. Costos'!$B$25 -> 833835.5 | O25: =('7. Costos'!$G$25*D25) -> 1189356.8
A26: 2009 | B26: CUC | C26: 14 | D26: 3 | E26: MAYO | F26: Paciente 48 | G26: 52515907 | H26: PANCITOPENIA | I26: 10 | J26: 26 | L26: 37 | M26: =(L26-J26)/J26 -> 0.42307692 | N26: ='7. Costos'!$B$7*'4. PE filtra'!I26+'7. Costos'!$B$15+'7. Costos'!$B$25 -> 1189248 | O26: =('7. Costos'!$G$25*D26) -> 1189356.8
A27: 2009 | B27: CUC | C27: 14 | D27: 3 | E27: MAYO | F27: Paciente 48 | G27: 52515907 | H27: PANCITOPENIA | I27: 10 | J27: 24 | L27: 64 | M27: =(L27-J27)/J27 -> 1.6666667 | N27: ='7. Costos'!$B$7*'4. PE filtra'!I27+'7. Costos'!$B$15+'7. Costos'!$B$25 -> 1189248 | O27: =('7. Costos'!$G$25*D27) -> 1189356.8
A28: 2009 | B28: CUC | C28: 14 | D28: 3 | E28: MAYO | F28: Paciente 48 | G28: 52515907 | H28: PANCITOPENIA | I28: 4 | J28: 13 | L28: 28 | M28: =(L28-J28)/J28 -> 1.1538462 | N28: ='7. Costos'!$B$7*'4. PE filtra'!I28+'7. Costos'!$B$15+'7. Costos'!$B$25 -> 762753 | O28: =('7. Costos'!$G$25*D28) -> 1189356.8
A29: 2009 | B29: CRS | C29: 15 | D29: 3 | E29: AGOSTO | F29: Paciente 63 | G29: 1021632705 | H29: LEUCEMIA MIELOIDE AGUDA | I29: 3 | J29: 12 | L29: 365 | M29: =(L29-J29)/J29 -> 29.416667 | N29: ='7. Costos'!$B$7*'4. PE filtra'!I29+'7. Costos'!$B$15+'7. Costos'!$B$25 -> 691670.5 | O29: =('7. Costos'!$G$25*D29) -> 1189356.8
A30: 2009 | B30: CRS | C30: 15 | D30: 3 | E30: AGOSTO | F30: Paciente 63 | G30: 1021632705 | H30: LEUCEMIA MIELOIDE AGUDA | I30: 4 | J30: 8 | L30: 44 | M30: =(L30-J30)/J30 -> 4.5 | N30: ='7. Costos'!$B$7*'4. PE filtra'!I30+'7. Costos'!$B$15+'7. Costos'!$B$25 -> 762753 | O30: =('7. Costos'!$G$25*D30) -> 1189356.8
A31: 2009 | B31: CRS | C31: 15 | D31: 3 | E31: OCTUBRE | F31: Paciente 63 | G31: 1021632705 | H31: LEUCEMIA MIELOIDE AGUDA | I31: 4 | J31: 5 | L31: 236 | M31: =(L31-J31)/J31 -> 46.2 | N31: ='7. Costos'!$B$7*'4. PE filtra'!I31+'7. Costos'!$B$15+'7. Costos'!$B$25 -> 762753 | O31: =('7. Costos'!$G$25*D31) -> 1189356.8
A32: 2009 | B32: CUC | C32: 35 | D32: 3 | E32: OCTUBRE | F32: Paciente 15 | G32: 17320003 | H32: PURPURA TROMBOCITOPENICA | I32: 6 | J32: 4 | L32: 13 | M32: =(L32-J32)/J32 -> 2.25 | N32: ='7. Costos'!$B$7*'4. PE filtra'!I32+'7. Costos'!$B$15+'7. Costos'!$B$25 -> 904918 | O32: =('7. Costos'!$G$25*D32) -> 1189356.8
A33: 2009 | B33: CUC | C33: 35 | D33: 3 | E33: OCTUBRE | F33: Paciente 15 | G33: 17320003 | H33: PURPURA TROMBOCITOPENICA | I33: 6 | J33: 28 | L33: 17 | M33: =(L33-J33)/J33 -> -0.39285714 | N33: ='7. Costos'!$B$7*'4. PE filtra'!I33+'7. Costos'!$B$15+'7. Costos'!$B$25 -> 904918 | O33: =('7. Costos'!$G$25*D33) -> 1189356.8
A34: 2009 | B34: CUC | C34: 35 | D34: 3 | E34: OCTUBRE | F34: Paciente 15 | G34: 17320003 | H34: PURPURA TROMBOCITOPENICA | I34: 6 | J34: 69 | L34: 131 | M34: =(L34-J34)/J34 -> 0.89855072 | N34: ='7. Costos'!$B$7*'4. PE filtra'!I34+'7. Costos'!$B$15+'7. Costos'!$B$25 -> 904918 | O34: =('7. Costos'!$G$25*D34) -> 1189356.8
A35: 2009 | B35: CRS | C35: 45 | D35: 3 | E35: AGOSTO | F35: Paciente 68 | G35: 99101222188492 | H35: APLASIA MEDULAR | I35: 3 | J35: 3 | M35: =(L35-J35)/J35 -> -1 | N35: ='7. Costos'!$B$7*'4. PE filtra'!I35+'7. Costos'!$B$15+'7. Costos'!$B$25 -> 691670.5 | O35: =('7. Costos'!$G$25*D35) -> 1189356.8
A36: 2009 | B36: CRS | C36: 45 | D36: 3 | E36: OCTUBRE | F36: Paciente 68 | G36: 99101222188492 | H36: APLASIA MEDULAR | I36: 3 | J36: 22 | M36: =(L36-J36)/J36 -> -1 | N36: ='7. Costos'!$B$7*'4. PE filtra'!I36+'7. Costos'!$B$15+'7. Costos'!$B$25 -> 691670.5 | O36: =('7. Costos'!$G$25*D36) -> 1189356.8
A37: 2009 | B37: CRS | C37: 45 | D37: 3 | E37: NOVIEMBRE | F37: Paciente 68 | G37: 99101222188412 | H37: APLASIA MEDULAR | I37: 3 | J37: 6 | M37: =(L37-J37)/J37 -> -1 | N37: ='7. Costos'!$B$7*'4. PE filtra'!I37+'7. Costos'!$B$15+'7. Costos'!$B$25 -> 691670.5 | O37: =('7. Costos'!$G$25*D37) -> 1189356.8
A38: 2010 | B38: CUC | C38: 7 | D38: 2 | E38: JUNIO | F38: Paciente 18 | G38: 19073611 | H38: LEUCEMIA PROMIELOCITICA | I38: 8 | J38: 16 | L38: 96 | M38: =(L38-J38)/J38 -> 5 | N38: ='7. Costos'!$B$7*'4. PE filtra'!I38+'7. Costos'!$B$15+'7. Costos'!$B$25 -> 1047083 | O38: =('7. Costos'!$G$25*D38) -> 792904.55
A39: 2010 | B39: CUC | C39: 7 | D39: 2 | E39: JUNIO | F39: Paciente 18 | G39: 19073611 | H39: LEUCEMIA PROMIELOCITICA | I39: 12 | J39: 70 | L39: 59 | M39: =(L39-J39)/J39 -> -0.15714286 | N39: ='7. Costos'!$B$7*'4. PE filtra'!I39+'7. Costos'!$B$15+'7. Costos'!$B$25 -> 1331413 | O39: =('7. Costos'!$G$25*D39) -> 792904.55
A40: 2010 | B40: CUC | C40: 10 | D40: 2 | E40: ABRIL | F40: Paciente 13 | G40: 7215836 | H40: TROMBOCITOPENIA SEVERA | I40: 5 | J40: 16 | L40: 32 | M40: =(L40-J40)/J40 -> 1 | N40: ='7. Costos'!$B$7*'4. PE filtra'!I40+'7. Costos'!$B$15+'7. Costos'!$B$25 -> 833835.5 | O40: =('7. Costos'!$G$25*D40) -> 792904.55
A41: 2010 | B41: CUC | C41: 10 | D41: 2 | E41: ABRIL | F41: Paciente 13 | G41: 7215836 | H41: TROMBOCITOPENIA SEVERA | I41: 6 | J41: 13 | L41: 19 | M41: =(L41-J41)/J41 -> 0.46153846 | N41: ='7. Costos'!$B$7*'4. PE filtra'!I41+'7. Costos'!$B$15+'7. Costos'!$B$25 -> 904918 | O41: =('7. Costos'!$G$25*D41) -> 792904.55
A42: 2010 | B42: CRS | C42: 13 | D42: 2 | E42: ENERO | F42: Paciente 64 | G42: 93092408149 | H42: LEUCEMIA MIELOIDE AGUDA | I42: 10 | M42: =(L42-J42)/J42 -> #DIV/0! | N42: ='7. Costos'!$B$7*'4. PE filtra'!I42+'7. Costos'!$B$15+'7. Costos'!$B$25 -> 1189248 | O42: =('7. Costos'!$G$25*D42) -> 792904.55
A43: 2010 | B43: CRS | C43: 13 | D43: 2 | E43: ENERO | F43: Paciente 64 | G43: 93092408149 | H43: LEUCEMIA MIELOIDE AGUDA | I43: 2 | M43: =(L43-J43)/J43 -> #DIV/0! | N43: ='7. Costos'!$B$7*'4. PE filtra'!I43+'7. Costos'!$B$15+'7. Costos'!$B$25 -> 620588 | O43: =('7. Costos'!$G$25*D43) -> 792904.55
A44: 2009 | B44: CUC | C44: 17 | D44: 2 | E44: ENERO | F44: Paciente 27 | G44: 20291102 | H44: MIELOMA MULTIPLE | I44: 10 | J44: 11 | L44: 49 | M44: =(L44-J44)/J44 -> 3.4545455 | N44: ='7. Costos'!$B$7*'4. PE filtra'!I44+'7. Costos'!$B$15+'7. Costos'!$B$25 -> 1189248 | O44: =('7. Costos'!$G$25*D44) -> 792904.55
A45: 2009 | B45: CUC | C45: 17 | D45: 2 | E45: FEBRERO | F45: Paciente 27 | G45: 20291102 | H45: MIELOMA MULTIPLE | I45: 10 | J45: 14 | L45: 44 | M45: =(L45-J45)/J45 -> 2.1428571 | N45: ='7. Costos'!$B$7*'4. PE filtra'!I45+'7. Costos'!$B$15+'7. Costos'!$B$25 -> 1189248 | O45: =('7. Costos'!$G$25*D45) -> 792904.55
A46: 2010 | B46: CUC | C46: 23 | D46: 2 | E46: ENERO | F46: Paciente 06 | G46: 1911136 | H46: LEUCEMIA AGUDA | I46: 6 | J46: 2 | L46: 16 | M46: =(L46-J46)/J46 -> 7 | N46: ='7. Costos'!$B$7*'4. PE filtra'!I46+'7. Costos'!$B$15+'7. Costos'!$B$25 -> 904918 | O46: =('7. Costos'!$G$25*D46) -> 792904.55
A47: 2010 | B47: CUC | C47: 23 | D47: 2 | E47: ENERO | F47: Paciente 06 | G47: 1911136 | H47: LEUCEMIA AGUDA | I47: 6 | J47: 16 | L47: 20 | M47: =(L47-J47)/J47 -> 0.25 | N47: ='7. Costos'!$B$7*'4. PE filtra'!I47+'7. Costos'!$B$15+'7. Costos'!$B$25 -> 904918 | O47: =('7. Costos'!$G$25*D47) -> 792904.55
A48: 2010 | B48: CUC | C48: 39 | D48: 2 | E48: ABRIL | F48: Paciente 58 | G48: 950803050 | H48: PURPURA TROMBOCITOPENICA | I48: 6 | M48: =(L48-J48)/J48 -> #DIV/0! | N48: ='7. Costos'!$B$7*'4. PE filtra'!I48+'7. Costos'!$B$15+'7. Costos'!$B$25 -> 904918 | O48: =('7. Costos'!$G$25*D48) -> 792904.55
A49: 2010 | B49: CUC | C49: 39 | D49: 2 | E49: ABRIL | F49: Paciente 58 | G49: 950803050 | H49: PURPURA TROMBOCITOPENICA | I49: 5 | M49: =(L49-J49)/J49 -> #DIV/0! | N49: ='7. Costos'!$B$7*'4. PE filtra'!I49+'7. Costos'!$B$15+'7. Costos'!$B$25 -> 833835.5 | O49: =('7. Costos'!$G$25*D49) -> 792904.55
A50: 2009 | B50: CUC | C50: 43 | D50: 2 | E50: ABRIL | F50: Paciente 32 | G50: 28942704 | H50: LINFOMA NO HODKING RECAIDA | I50: 4 | J50: 14 | L50: 22 | M50: =(L50-J50)/J50 -> 0.57142857 | N50: ='7. Costos'!$B$7*'4. PE filtra'!I50+'7. Costos'!$B$15+'7. Costos'!$B$25 -> 762753 | O50: =('7. Costos'!$G$25*D50) -> 792904.55
A51: 2009 | B51: CUC | C51: 43 | D51: 2 | E51: ABRIL | F51: Paciente 32 | G51: 28942704 | H51: LINFOMA NO HODKING | I51: 8 | J51: 7 | L51: 22 | M51: =(L51-J51)/J51 -> 2.1428571 | N51: ='7. Costos'!$B$7*'4. PE filtra'!I51+'7. Costos'!$B$15+'7. Costos'!$B$25 -> 1047083 | O51: =('7. Costos'!$G$25*D51) -> 792904.55
A52: 2009 | B52: CUC | C52: 50 | D52: 2 | E52: MAYO | F52: Paciente 42 | G52: 41416467 | H52: PURPURA TROMBOCITOPENICA | I52: 5 | J52: 13 | L52: 24 | M52: =(L52-J52)/J52 -> 0.84615385 | N52: ='7. Costos'!$B$7*'4. PE filtra'!I52+'7. Costos'!$B$15+'7. Costos'!$B$25 -> 833835.5 | O52: =('7. Costos'!$G$25*D52) -> 792904.55
A53: 2009 | B53: CUC | C53: 50 | D53: 2 | E53: MAYO | F53: Paciente 42 | G53: 41416467 | H53: LEUCEMIA AGUDA | I53: 6 | J53: 19 | L53: 18 | M53: =(L53-J53)/J53 -> -0.052631579 | N53: ='7. Costos'!$B$7*'4. PE filtra'!I53+'7. Costos'!$B$15+'7. Costos'!$B$25 -> 904918 | O53: =('7. Costos'!$G$25*D53) -> 792904.55

Sheet 5. CUP filtra
A1: AÑO | B1: CLINICA | C1: PACIENTES | D1: No TRANS | E1: MES | F1: NOMBRE | G1: ID | H1: DX | I1: No CUP | J1: CONTROL 1-6 H | K1: CONTROL 7-12H | L1: CONTROL>12 H | M1: INCREMENTO | N1: COSTO DIRECTO | O1: COSTO INDIRECTO
A2: 2010 | B2: CUC | C2: 2 | D2: 1 | E2: ABRIL | F2: Paciente 52 | G2: 79470544 | H2: TROMBOCITOPENIA | I2: 1 | J2: 27 | L2: 38 | M2: =(L2-J2)/J2 -> 0.40740741 | N2: =I2*'7. Costos'!$B$8+'7. Costos'!$B$15+'7. Costos'!B$25 -> 819010.5 | O2: =('7. Costos'!$H$25*'5. CUP filtra'!D2) -> 211087.16
A3: 2010 | B3: CUC | C3: 3 | D3: 1 | E3: MAYO | F3: Paciente 58 | G3: 950803050 | H3: PURPURA TROMBOCITOPENICA | I3: 1 | J3: 87 | L3: 100 | M3: =(L3-J3)/J3 -> 0.14942529 | N3: =I3*'7. Costos'!$B$8+'7. Costos'!$B$15+'7. Costos'!B$25 -> 819010.5 | O3: =('7. Costos'!$H$25*'5. CUP filtra'!D3) -> 211087.16
A4: 2010 | B4: CUC | C4: 4 | D4: 1 | E4: JUNIO | F4: Paciente 18 | G4: 19073611 | H4: LEUCEMIA PROMIELOCITICA | I4: 1 | J4: 16 | L4: 96 | M4: =(L4-J4)/J4 -> 5 | N4: =I4*'7. Costos'!$B$8+'7. Costos'!$B$15+'7. Costos'!B$25 -> 819010.5 | O4: =('7. Costos'!$H$25*'5. CUP filtra'!D4) -> 211087.16
A5: 2009 | B5: CRS | C5: 5 | D5: 26 | E5: MARZO | F5: Paciente 65 | G5: 94042703367 | H5: LEUCEMIA LINFOIDE AGUDA | I5: 1 | J5: 3 | L5: 10 | M5: =(L5-J5)/J5 -> 2.3333333 | N5: =I5*'7. Costos'!$B$8+'7. Costos'!$B$15+'7. Costos'!B$25 -> 819010.5 | O5: =('7. Costos'!$H$25*'5. CUP filtra'!D5) -> 5488266.2
A6: 2009 | B6: CRS | C6: 5 | D6: 26 | E6: MARZO | F6: Paciente 65 | G6: 94042703367 | H6: LEUCEMIA LINFOIDE AGUDA | I6: 2 | J6: 39 | L6: 22 | M6: =(L6-J6)/J6 -> -0.43589744 | N6: =I6*'7. Costos'!$B$8+'7. Costos'!$B$15+'7. Costos'!B$25 -> 1159598 | O6: =('7. Costos'!$H$25*'5. CUP filtra'!D6) -> 5488266.2
A7: 2009 | B7: CRS | C7: 5 | D7: 26 | E7: MARZO | F7: Paciente 65 | G7: 94042703367 | H7: LEUCEMIA LINFOIDE AGUDA | I7: 1 | J7: 9 | L7: 32 | M7: =(L7-J7)/J7 -> 2.5555556 | N7: =I7*'7. Costos'!$B$8+'7. Costos'!$B$15+'7. Costos'!B$25 -> 819010.5 | O7: =('7. Costos'!$H$25*'5. CUP filtra'!D7) -> 5488266.2
A8: 2009 | B8: CRS | C8: 5 | D8: 26 | E8: MARZO | F8: Paciente 65 | G8: 94042703367 | H8: LEUCEMIA LINFOIDE AGUDA | I8: 1 | J8: 11 | L8: 4 | M8: =(L8-J8)/J8 -> -0.63636364 | N8: =I8*'7. Costos'!$B$8+'7. Costos'!$B$15+'7. Costos'!B$25 -> 819010.5 | O8: =('7. Costos'!$H$25*'5. CUP filtra'!D8) -> 5488266.2
A9: 2009 | B9: CRS | C9: 5 | D9: 26 | E9: MARZO | F9: Paciente 65 | G9: 94042703367 | H9: LEUCEMIA LINFOIDE AGUDA | I9: 1 | J9: 6 | L9: 7 | M9: =(L9-J9)/J9 -> 0.16666667 | N9: =I9*'7. Costos'!$B$8+'7. Costos'!$B$15+'7. Costos'!B$25 -> 819010.5 | O9: =('7. Costos'!$H$25*'5. CUP filtra'!D9) -> 5488266.2
A10: 2009 | B10: CRS | C10: 5 | D10: 26 | E10: MARZO | F10: Paciente 65 | G10: 94042703367 | H10: LEUCEMIA LINFOIDE AGUDA | I10: 1 | J10: 43 | L10: 11 | M10: =(L10-J10)/J10 -> -0.74418605 | N10: =I10*'7. Costos'!$B$8+'7. Costos'!$B$15+'7. Costos'!B$25 -> 819010.5 | O10: =('7. Costos'!$H$25*'5. CUP filtra'!D10) -> 5488266.2
A11: 2009 | B11: CRS | C11: 5 | D11: 26 | E11: MARZO | F11: Paciente 65 | G11: 94042703367 | H11: LEUCEMIA LINFOIDE AGUDA | I11: 1 | J11: 6 | L11: 19 | M11: =(L11-J11)/J11 -> 2.1666667 | N11: =I11*'7. Costos'!$B$8+'7. Costos'!$B$15+'7. Costos'!B$25 -> 819010.5 | O11: =('7. Costos'!$H$25*'5. CUP filtra'!D11) -> 5488266.2
A12: 2009 | B12: CRS | C12: 5 | D12: 26 | E12: MARZO | F12: Paciente 65 | G12: 94042703367 | H12: LEUCEMIA LINFOIDE AGUDA | I12: 1 | J12: 6 | L12: 11 | M12: =(L12-J12)/J12 -> 0.83333333 | N12: =I12*'7. Costos'!$B$8+'7. Costos'!$B$15+'7. Costos'!B$25 -> 819010.5 | O12: =('7. Costos'!$H$25*'5. CUP filtra'!D12) -> 5488266.2
A13: 2009 | B13: CRS | C13: 5 | D13: 26 | E13: MARZO | F13: Paciente 65 | G13: 94042703367 | H13: LEUCEMIA LINFOIDE AGUDA | I13: 1 | J13: 2 | L13: 39 | M13: =(L13-J13)/J13 -> 18.5 | N13: =I13*'7. Costos'!$B$8+'7. Costos'!$B$15+'7. Costos'!B$25 -> 819010.5 | O13: =('7. Costos'!$H$25*'5. CUP filtra'!D13) -> 5488266.2
... A15: 2009 | B15: CRS | C15: 5 | D15: 26 | E15: ABRIL | F15: Paciente 65 | G15: 94042703367 | H15: LEUCEMIA LINFOIDE AGUDA | I15: 1 | J15: 39 | L15: 64 | M15: =(L15-J15)/J15 -> 0.64102564 | N15: =I15*'7. Costos'!$B$8+'7. Costos'!$B$15+'7. Costos'!B$25 -> 819010.5 | O15: =('7. Costos'!$H$25*'5. CUP filtra'!D15) -> 5488266.2
A16: 2009 | B16: CRS | C16: 5 | D16: 26 | E16: ABRIL | F16: Paciente 65 | G16: 94042703367 | H16: LEUCEMIA LINFOIDE AGUDA | I16: 2 | J16: 47 | M16: =(L16-J16)/J16 -> -1 | N16: =I16*'7. Costos'!$B$8+'7. Costos'!$B$15+'7. Costos'!B$25 -> 1159598 | O16: =('7. Costos'!$H$25*'5. CUP filtra'!D16) -> 5488266.2
A17: 2009 | B17: CRS | C17: 5 | D17: 26 | E17: ABRIL | F17: Paciente 65 | G17: 94042703367 | H17: LEUCEMIA LINFOIDE AGUDA | I17: 2 | J17: 36 | M17: =(L17-J17)/J17 -> -1 | N17: =I17*'7. Costos'!$B$8+'7. Costos'!$B$15+'7. Costos'!B$25 -> 1159598 | O17: =('7. Costos'!$H$25*'5. CUP filtra'!D17) -> 5488266.2
A18: 2009 | B18: CRS | C18: 5 | D18: 26 | E18: MAYO | F18: Paciente 65 | G18: 94042703367 | H18: LEUCEMIA LINFOIDE AGUDA | I18: 2 | J18: 15 | L18: 44 | M18: =(L18-J18)/J18 -> 1.9333333 | N18: =I18*'7. Costos'!$B$8+'7. Costos'!$B$15+'7. Costos'!B$25 -> 1159598 | O18: =('7. Costos'!$H$25*'5. CUP filtra'!D18) -> 5488266.2
A19: 2009 | B19: CRS | C19: 5 | D19: 26 | E19: MAYO | F19: Paciente 65 | G19: 94042703367 | H19: LEUCEMIA LINFOIDE AGUDA | I19: 1 | J19: 46 | L19: 48 | M19: =(L19-J19)/J19 -> 0.043478261 | N19: =I19*'7. Costos'!$B$8+'7. Costos'!$B$15+'7. Costos'!B$25 -> 819010.5 | O19: =('7. Costos'!$H$25*'5. CUP filtra'!D19) -> 5488266.2
A20: 2009 | B20: CRS | C20: 5 | D20: 26 | E20: MAYO | F20: Paciente 65 | G20: 94042703367 | H20: LEUCEMIA LINFOIDE AGUDA | I20: 1 | J20: 30 | L20: 27 | M20: =(L20-J20)/J20 -> -0.1 | N20: =I20*'7. Costos'!$B$8+'7. Costos'!$B$15+'7. Costos'!B$25 -> 819010.5 | O20: =('7. Costos'!$H$25*'5. CUP filtra'!D20) -> 5488266.2
A21: 2009 | B21: CRS | C21: 5 | D21: 26 | E21: MAYO | F21: Paciente 65 | G21: 94042703367 | H21: LEUCEMIA LINFOIDE AGUDA | I21: 2 | J21: 13 | L21: 16 | M21: =(L21-J21)/J21 -> 0.23076923 | N21: =I21*'7. Costos'!$B$8+'7. Costos'!$B$15+'7. Costos'!B$25 -> 1159598 | O21: =('7. Costos'!$H$25*'5. CUP filtra'!D21) -> 5488266.2
A22: 2009 | B22: CRS | C22: 5 | D22: 26 | E22: JUNIO | F22: Paciente 65 | G22: 94042703367 | H22: LEUCEMIA LINFOIDE AGUDA | I22: 1 | J22: 16 | L22: 34 | M22: =(L22-J22)/J22 -> 1.125 | N22: =I22*'7. Costos'!$B$8+'7. Costos'!$B$15+'7. Costos'!B$25 -> 819010.5 | O22: =('7. Costos'!$H$25*'5. CUP filtra'!D22) -> 5488266.2
A23: 2009 | B23: CRS | C23: 5 | D23: 26 | E23: JUNIO | F23: Paciente 65 | G23: 94042703367 | H23: LEUCEMIA LINFOIDE AGUDA | I23: 1 | J23: 10 | L23: 34 | M23: =(L23-J23)/J23 -> 2.4 | N23: =I23*'7. Costos'!$B$8+'7. Costos'!$B$15+'7. Costos'!B$25 -> 819010.5 | O23: =('7. Costos'!$H$25*'5. CUP filtra'!D23) -> 5488266.2
A24: 2009 | B24: CRS | C24: 5 | D24: 26 | E24: JUNIO | F24: Paciente 65 | G24: 94042703367 | H24: LEUCEMIA LINFOIDE AGUDA | I24: 1 | J24: 25 | L24: 19 | M24: =(L24-J24)/J24 -> -0.24 | N24: =I24*'7. Costos'!$B$8+'7. Costos'!$B$15+'7. Costos'!B$25 -> 819010.5 | O24: =('7. Costos'!$H$25*'5. CUP filtra'!D24) -> 5488266.2
A25: 2009 | B25: CRS | C25: 5 | D25: 26 | E25: JUNIO | F25: Paciente 65 | G25: 94042703367 | H25: LEUCEMIA LINFOIDE AGUDA | I25: 1 | J25: 10 | L25: 31 | M25: =(L25-J25)/J25 -> 2.1 | N25: =I25*'7. Costos'!$B$8+'7. Costos'!$B$15+'7. Costos'!B$25 -> 819010.5 | O25: =('7. Costos'!$H$25*'5. CUP filtra'!D25) -> 5488266.2
A26: 2009 | B26: CRS | C26: 5 | D26: 26 | E26: JULIO | F26: Paciente 65 | G26: 94042703367 | H26: LEUCEMIA LINFOIDE AGUDA | I26: 1 | J26: 27 | M26: =(L26-J26)/J26 -> -1 | N26: =I26*'7. Costos'!$B$8+'7. Costos'!$B$15+'7. Costos'!B$25 -> 819010.5 | O26: =('7. Costos'!$H$25*'5. CUP filtra'!D26) -> 5488266.2
A27: 2009 | B27: CRS | C27: 5 | D27: 26 | E27: JULIO | F27: Paciente 65 | G27: 94042703367 | H27: LEUCEMIA LINFOIDE AGUDA | I27: 1 | J27: 21 | M27: =(L27-J27)/J27 -> -1 | N27: =I27*'7. Costos'!$B$8+'7. Costos'!$B$15+'7. Costos'!B$25 -> 819010.5 | O27: =('7. Costos'!$H$25*'5. CUP filtra'!D27) -> 5488266.2
A28: 2009 | B28: CRS | C28: 5 | D28: 26 | E28: JULIO | F28: Paciente 65 | G28: 94042703367 | H28: LEUCEMIA LINFOIDE AGUDA | I28: 1 | J28: 4 | M28: =(L28-J28)/J28 -> -1 | N28: =I28*'7. Costos'!$B$8+'7. Costos'!$B$15+'7. Costos'!B$25 -> 819010.5 | O28: =('7. Costos'!$H$25*'5. CUP filtra'!D28) -> 5488266.2
A29: 2009 | B29: CRS | C29: 5 | D29: 26 | E29: JULIO | F29: Paciente 65 | G29: 94042703367 | H29: LEUCEMIA LINFOIDE AGUDA | I29: 1 | J29: 7 | M29: =(L29-J29)/J29 -> -1 | N29: =I29*'7. Costos'!$B$8+'7. Costos'!$B$15+'7. Costos'!B$25 -> 819010.5 | O29: =('7. Costos'!$H$25*'5. CUP filtra'!D29) -> 5488266.2
A30: 2009 | B30: CRS | C30: 5 | D30: 26 | E30: JULIO | F30: Paciente 65 | G30: 94042703367 | H30: LEUCEMIA LINFOIDE AGUDA | I30: 1 | J30: 16 | M30: =(L30-J30)/J30 -> -1 | N30: =I30*'7. Costos'!$B$8+'7. Costos'!$B$15+'7. Costos'!B$25 -> 819010.5 | O30: =('7. Costos'!$H$25*'5. CUP filtra'!D30) -> 5488266.2
A31: 2009 | B31: CRS | C31: 8 | D31: 1 | E31: DICIEMBRE | F31: Paciente 02 | G31: 29791 | H31: LEUCEMIA LINFOIDE CRONICA | I31: 1 | J31: 8 | L31: 63 | M31: =(L31-J31)/J31 -> 6.875 | N31: =I31*'7. Costos'!$B$8+'7. Costos'!$B$15+'7. Costos'!B$25 -> 819010.5 | O31: =('7. Costos'!$H$25*'5. CUP filtra'!D31) -> 211087.16
A32: 2010 | B32: CRS | C32: 13 | D32: 1 | E32: MARZO | F32: Paciente 57 | G32: 202993156 | H32: MIELOMA MULTIPLE | I32: 2 | J32: 15 | L32: 51 | M32: =(L32-J32)/J32 -> 2.4 | N32: =I32*'7. Costos'!$B$8+'7. Costos'!$B$15+'7. Costos'!B$25 -> 1159598 | O32: =('7. Costos'!$H$25*'5. CUP filtra'!D32) -> 211087.16
A33: 2010 | B33: CRS | C33: 14 | D33: 1 | E33: MARZO | F33: Paciente 07 | G33: 2855727 | H33: SINDROME MIELODISPLASICO | I33: 1 | J33: 50 | M33: =(L33-J33)/J33 -> -1 | N33: =I33*'7. Costos'!$B$8+'7. Costos'!$B$15+'7. Costos'!B$25 -> 819010.5 | O33: =('7. Costos'!$H$25*'5. CUP filtra'!D33) -> 211087.16

Sheet 6.RAT
A1: RAT PACIENTES TRANSFUNDIDOS CON PE
A2: AÑO | B2: CLINICA | C2: NOMBRE | D2: ID | E2: DX | F2: No PE | G2: REACCIONES | H2: REACCION | I2: IMPUTABILIDAD | J2: GRADO | K2: COSTO
A3: 2009 | B3: CUC | C3: Paciente 04 | D3: 205750 | E3: PURPURA TROMBOCITOPENICA INMUNE | F3: 26 | G3: 1 | H3: ALERGICA LEVE | I3: DEFINITIVA | J3: 3 | K3: ='7. Costos'!$B$39*'6.RAT'!G3 -> 55926
A4: 2009 | B4: CUC | C4: Paciente 18 | D4: 19073611 | E4: LEUCEMIA PROMIELOCITICA | F4: 11 | G4: 2 | H4: ALERGICA | I4: DEFINITIVA | J4: 3 | K4: ='7. Costos'!$B$39*'6.RAT'!G4 -> 111852
A5: 2009 | B5: CUC | C5: Paciente 44 | D5: 41691331 | E5: TROMBOCITOPENIA | F5: 4 | G5: 1 | H5: ALERGICA | I5: DEFINITIVA | J5: 3 | K5: ='7. Costos'!$B$39*'6.RAT'!G5 -> 55926
A6: 2010 | B6: CRS | C6: Paciente 37 | D6: 35499161 | E6: LEUCEMIA MIELOIDE AGUDA | G6: 3 | H6: ALERGICA LEVE | I6: PROBABLE | J6: 3 | K6: ='7. Costos'!$B$39*'6.RAT'!G6 -> 167778
A7: 2010 | B7: CRS | C7: Paciente 21 | D7: 19314402 | E7: MIELOMA MULTIPLE | G7: 1 | H7: FEBRIL NO HEMOLITICA LEVE | I7: PROBABLE | J7: 3 | K7: ='7. Costos'!$B$39*'6.RAT'!G7 -> 55926
A8: 2010 | B8: CRS | C8: Paciente 28 | D8: 20293156 | E8: MIELOMA MULTIPLE | G8: 1 | H8: EN ESTUDIO | I8: EN ESTUDIO | K8: ='7. Costos'!$B$39*'6.RAT'!G8 -> 55926
J11: DE | K11: =STDEV(K3:K10) -> 46791.049
J13: media | K13: =AVERAGE(K3:K8) -> 83889
J15: Mediana | K15: =MEDIAN(K3:K8) -> 55926
J17: CV | K17: =K11/K13 -> 0.55777335

Sheet 7. Costos
A2: COSTO TOTAL= COSTOS FIJOS + COSTOS VARIABLES
A4: COSTOS DIRECTOS
A6: FIJOS | C6: TARIFA 2009 | D6: TARIFA 2010
A7: Plaqueta | B7: 71082.5 | C7: 69860 | D7: 72305.1
A8: CUP PA | B8: 340587.5 | C8: 334730 | D8: 346445
A10: Insumos Hospitalarios | B10: 20500 | F10: Insumos Hospitalarios
A11: Aplicación de Plaquetas | B11: 10130 | F11: Guantes (par) | G11: 1500
A12: Hemoclasificación ABO | B12: 6250 | F12: Yelco | G12: 3000
A13: Cuadro Hematico | B13: 8070 | F13: Equipo de transfusion | G13: 15000
A14: Interconsulta Especialista | B14: 22640 | F14: Gasa (paquete) | G14: 1000
B15: =SUM(B10:B14) -> 67590 | F15: Insumos Hospitalarios | G15: =SUM(G11:G14) -> 20500
A20: VARIABLES | F20: COSTOS INDIRECTOS | G20: PE | H20: CUP PA
F21: Incapacidad | G21: =16866*0.25*3.1 -> 13071.15 | H21: =16866*0.25*1 -> 4216.5
A22: dia hospitalización | B22: 133670 | F22: Implementos de aseo | G22: 40000 | H22: 40000
A23: Honorario Medico Diario Especialista | B23: 21480 | F23: Acompañante | G23: =63100*4.3 -> 271330 | H23: =63100*1.1 -> 69410
A24: Equipo Filtro Desleucocitador PQ | B24: 255683 | F24: Copago Hosp | G24: =(B28*4.3)*11.5% -> 72051.122 | H24: =(B29*1.1)*11.5% -> 97460.66
B25: =SUM(B21:B24) -> 410833 | F25: TOTAL COSTOS INDIRECTOS | G25: =SUM(G21:G24) -> 396452.27 | H25: =SUM(H21:H24) -> 211087.16
A28: TOTAL COSTO DIRECTO PROM TRANSF PE | B28: 145705
A29: TOTAL COSTO DIRECTO PROM TRANSF CUP | B29: 770440
A31: REACCION ADVERSA A LA TRANSFUSIÓN
A33: Estudio Microbiológico | B33: 16300
A34: Parcial de Orina | B34: 5580
A35: Cuadro Hematico | B35: 7800
A36: Transaminasas TGO-TGP | B36: 12940
A38: SOLU CORTEF 100MGVIAL X 2ML | B38: 13306
B39: =SUM(B33:B38) -> 55926

Sheet 8. CProgr PE
C3: Datos
A4: NOMBRE | B4: No TRANSFUSIONES | C4: Suma de COSTO DIRECTO | D4: Suma de No PE | E4: Promedio de No PE2 | F4: Suma de COSTO INDIRECTO | G4: C DIRECTO T | H4: C INDIREC T
A5: Paciente 26 | B5: 6 | C5: 6069250.5 | D5: 45 | E5: 7.5 | F5: 14454435 | G5: =C5/D5 -> 134872.23 | H5: =(F5/E5) -> 1927257.9 | J5: Media | K5: Media
A6: Paciente 14 | B6: 5 | C6: 4382425 | D6: 28 | E6: 5.6 | F6: 10037802 | G6: =C6/D6 -> 156515.18 | H6: =(F6/E6) -> 1792464.6 | J6: =AVERAGE(G5:G22) -> 152544.77 | K6: =AVERAGE(H5:H22) -> 1335531.5
A7: Paciente 19 | B7: 5 | C7: 4951085 | D7: 36 | E7: 7.2 | F7: 10037802 | G7: =C7/D7 -> 137530.14 | H7: =(F7/E7) -> 1394139.1
A8: Paciente 62 | B8: 5 | C8: 5164332.5 | D8: 39 | E8: 7.8 | F8: 10037802 | G8: =C8/D8 -> 132418.78 | H8: =(F8/E8) -> 1286897.7 | J8: DE | K8: DE
A9: Paciente 40 | B9: 3 | C9: 2572589 | D9: 16 | E9: 5.3333333 | F9: 3613608.7 | G9: =C9/D9 -> 160786.81 | H9: =(F9/E9) -> 677551.62 | J9: =STDEV(G5:G22) -> 27007.665 | K9: =STDEV(H5:H22) -> 2653287.9
A10: Paciente 48 | B10: 3 | C10: 3141249 | D10: 24 | E10: 8 | F10: 3613608.7 | G10: =C10/D10 -> 130885.38 | H10: =(F10/E10) -> 451701.08
A11: Paciente 63 | B11: 3 | C11: 2217176.5 | D11: 11 | E11: 3.6666667 | F11: 3613608.7 | G11: =C11/D11 -> 201561.5 | H11: =(F11/E11) -> 985529.63 | J11: CV | K11: CV
A12: Paciente 15 | B12: 3 | C12: 2714754 | D12: 18 | E12: 6 | F12: 3613608.7 | G12: =C12/D12 -> 150819.67 | H12: =(F12/E12) -> 602268.11 | J12: =J9/J6 -> 0.17704747 | K12: =K9/K6 -> 1.9866906
A13: Paciente 68 | B13: 3 | C13: 2075011.5 | D13: 9 | E13: 3 | F13: 3613608.7 | G13: =C13/D13 -> 230556.83 | H13: =(F13/E13) -> 1204536.2
A14: Paciente 18 | B14: 2 | C14: 2378496 | D14: 20 | E14: 10 | F14: 1606048.3 | G14: =C14/D14 -> 118924.8 | H14: =(F14/E14) -> 160604.83 | K14: Mediana
A15: Paciente 13 | B15: 2 | C15: 1738753.5 | D15: 11 | E15: 5.5 | F15: 1606048.3 | G15: =C15/D15 -> 158068.5 | H15: =(F15/E15) -> 292008.78 | K15: =MEDIAN(H5:H22) -> 526984.6
A16: Paciente 64 | B16: 2 | C16: 1809836 | D16: 12 | E16: 6 | F16: 1606048.3 | G16: =C16/D16 -> 150819.67 | H16: =(F16/E16) -> 267674.72
A17: Paciente 27 | B17: 2 | C17: 2378496 | D17: 20 | E17: 10 | F17: 1606048.3 | G17: =C17/D17 -> 118924.8 | H17: =(F17/E17) -> 160604.83
A18: Paciente 06 | B18: 2 | C18: 1809836 | D18: 12 | E18: 6 | F18: 1606048.3 | G18: =C18/D18 -> 150819.67 | H18: =(F18/E18) -> 267674.72
A19: Paciente 58 | B19: 2 | C19: 1738753.5 | D19: 11 | E19: 5.5 | F19: 1606048.3 | G19: =C19/D19 -> 158068.5 | H19: =(F19/E19) -> 292008.78
A20: Paciente 32 | B20: 2 | C20: 1809836 | D20: 12 | E20: 6 | F20: 1606048.3 | G20: =C20/D20 -> 150819.67 | H20: =(F20/E20) -> 267674.72
A21: Paciente 42 | B21: 2 | C21: 1738753.5 | D21: 11 | E21: 5.5 | F21: 1606048.3 | G21: =C21/D21 -> 158068.5 | H21: =(F21/E21) -> 292008.78
A22: Total general | C22: 48690634 | D22: 335 | E22: 6.4423077 | F22: 75484270 | G22: =C22/D22 -> 145345.17 | H22: =(F22/E22) -> 11716961
G23: =AVERAGE(G5:G22) -> 152544.77 | H23: =MEDIAN(H5:H22) -> 526984.6
C25: 152545
C26: 526985
C27: =SUM(C25:C26) -> 679530

Sheet 9. CProgr CUP
C3: Datos
A4: NOMBRE | B4: No TRANS | C4: Suma de COSTO DIRECTO | D4: Suma de No CUP | E4: Promedio de No CUP2 | F4: Suma de COSTO INDIRECTO | G4: C DIRECTO T | H4: C INDIREC T | J4: C DIRECTO T | K4: C INDIREC T
A5: Paciente 52 | B5: 1 | C5: 819010.5 | D5: 1 | E5: 1 | F5: 225423.26 | G5: =GETPIVOTDATA("Suma de COSTO DIRECTO",$A$3,"No TRANS",1,"NOMBRE","Paciente 52")/GETPIVOTDATA("Suma de No CUP",$A$3,"No TRANS",1,"NOMBRE","Paciente 52") -> 819010.5 | H5: =GETPIVOTDATA("Suma de COSTO INDIRECTO",$A$3,"No TRANS",1,"NOMBRE","Paciente 52")/GETPIVOTDATA("Suma de No CUP",$A$3,"No TRANS",1,"NOMBRE","Paciente 52") -> 225423.26
A6: Paciente 58 | B6: 1 | C6: 819010.5 | D6: 1 | E6: 1 | F6: 225423.26 | G6: =GETPIVOTDATA("Suma de COSTO DIRECTO",$A$3,"No TRANS",1,"NOMBRE","Paciente 52")/GETPIVOTDATA("Suma de No CUP",$A$3,"No TRANS",1,"NOMBRE","Paciente 52") -> 819010.5 | H6: =GETPIVOTDATA("Suma de COSTO INDIRECTO",$A$3,"No TRANS",1,"NOMBRE","Paciente 52")/GETPIVOTDATA("Suma de No CUP",$A$3,"No TRANS",1,"NOMBRE","Paciente 52") -> 225423.26 | J6: Media
A7: Paciente 18 | B7: 1 | C7: 819010.5 | D7: 1 | E7: 1 | F7: 225423.26 | G7: =GETPIVOTDATA("Suma de COSTO DIRECTO",$A$3,"No TRANS",1,"NOMBRE","Paciente 52")/GETPIVOTDATA("Suma de No CUP",$A$3,"No TRANS",1,"NOMBRE","Paciente 52") -> 819010.5 | H7: =GETPIVOTDATA("Suma de COSTO INDIRECTO",$A$3,"No TRANS",1,"NOMBRE","Paciente 52")/GETPIVOTDATA("Suma de No CUP",$A$3,"No TRANS",1,"NOMBRE","Paciente 52") -> 225423.26 | J7: 767162 | K7: 225423
A8: Paciente 65 | B8: 26 | C8: 23337798 | D8: 32 | E8: 1.2307692 | F8: 1.5238612e+08 | G8: =GETPIVOTDATA("Suma de COSTO DIRECTO",$A$3,"No TRANS",1,"NOMBRE","Paciente 52")/GETPIVOTDATA("Suma de No CUP",$A$3,"No TRANS",1,"NOMBRE","Paciente 52") -> 819010.5 | H8: =GETPIVOTDATA("Suma de COSTO INDIRECTO",$A$3,"No TRANS",1,"NOMBRE","Paciente 52")/GETPIVOTDATA("Suma de No CUP",$A$3,"No TRANS",1,"NOMBRE","Paciente 52") -> 225423.26
A9: Paciente 02 | B9: 1 | C9: 819010.5 | D9: 1 | E9: 1 | F9: 225423.26 | G9: =GETPIVOTDATA("Suma de COSTO DIRECTO",$A$3,"No TRANS",1,"NOMBRE","Paciente 52")/GETPIVOTDATA("Suma de No CUP",$A$3,"No TRANS",1,"NOMBRE","Paciente 52") -> 819010.5 | H9: =GETPIVOTDATA("Suma de COSTO INDIRECTO",$A$3,"No TRANS",1,"NOMBRE","Paciente 52")/GETPIVOTDATA("Suma de No CUP",$A$3,"No TRANS",1,"NOMBRE","Paciente 52") -> 225423.26 | J9: DE | K9: DE
A10: Paciente 57 | B10: 1 | C10: 1159598 | D10: 2 | E10: 2 | F10: 225423.26 | G10: =GETPIVOTDATA("Suma de COSTO DIRECTO",$A$3,"No TRANS",1,"NOMBRE","Paciente 52")/GETPIVOTDATA("Suma de No CUP",$A$3,"No TRANS",1,"NOMBRE","Paciente 52") -> 819010.5 | H10: =GETPIVOTDATA("Suma de COSTO INDIRECTO",$A$3,"No TRANS",1,"NOMBRE","Paciente 52")/GETPIVOTDATA("Suma de No CUP",$A$3,"No TRANS",1,"NOMBRE","Paciente 52") -> 225423.26 | J10: =_xlfn.STDEV.S(G5:G11) -> 0 | K10: =_xlfn.STDEV.S(H5:H11) -> 0
A11: Paciente 07 | B11: 1 | C11: 819010.5 | D11: 1 | E11: 1 | F11: 225423.26 | G11: =GETPIVOTDATA("Suma de COSTO DIRECTO",$A$3,"No TRANS",1,"NOMBRE","Paciente 52")/GETPIVOTDATA("Suma de No CUP",$A$3,"No TRANS",1,"NOMBRE","Paciente 52") -> 819010.5 | H11: =GETPIVOTDATA("Suma de COSTO INDIRECTO",$A$3,"No TRANS",1,"NOMBRE","Paciente 52")/GETPIVOTDATA("Suma de No CUP",$A$3,"No TRANS",1,"NOMBRE","Paciente 52") -> 225423.26
A12: Total general | C12: 28592448 | D12: 39 | E12: 1.21875 | F12: 1.5373866e+08 | G12: =GETPIVOTDATA("Suma de COSTO DIRECTO",$A$3,"No TRANS",1,"NOMBRE","Paciente 52")/GETPIVOTDATA("Suma de No CUP",$A$3,"No TRANS",1,"NOMBRE","Paciente 52") -> 819010.5 | H12: =GETPIVOTDATA("Suma de COSTO INDIRECTO",$A$3,"No TRANS",1,"NOMBRE","Paciente 52")/GETPIVOTDATA("Suma de No CUP",$A$3,"No TRANS",1,"NOMBRE","Paciente 52") -> 225423.26 | J12: CV | K12: CV
G13: =AVERAGE(G5:G12) -> 819010.5 | H13: =AVERAGE(H5:H12) -> 225423.26 | J13: =J10/J7 -> 0 | K13: =K10/K7 -> 0
C15: 767162
C16: 225423
C17: =SUM(C15:C16) -> 992585

Sheet BDPACIENTES
B1: NOMBRE | C1: ID | D1: Nom Paciente
B2: AYALA JORGE ABELARDO | C2: 800 | D2: Paciente 01
B3: SMITH REICHMAN NORA ELIZABETH | C3: 29791 | D3: Paciente 02
B4: TORES ESPITIA HERNAN GUILLERMO | C4: 82977 | D4: Paciente 03
C5: 205750 | D5: Paciente 04
B6: PORTILLA VALLEJO DIOMEDES | C6: 1793135 | D6: Paciente 05
B7: GARZON RODRIGUEZ JOSE FERNANDO | C7: 1911136 | D7: Paciente 06
B8: VILLAREAL SOSA TOBIAS | C8: 2855727 | D8: Paciente 07
B9: RINCON ROJAS RAFAEL ANTONIO | C9: 2869758 | D9: Paciente 08
B10: MARULANDA VILLEGAS DELIO | C10: 2932828 | D10: Paciente 09
B11: ORJUELA PEDRO JOSE | C11: 3096192 | D11: Paciente 10
B12: MONTES OSPINA JORGE OLMEDO | C12: 4449080 | D12: Paciente 11
B13: GARZON RODRIGUEZ JOSE FERNANDO | C13: 5390370 | D13: Paciente 12
B14: CARVAJAL GUSTAVO ALFONSO | C14: 7215836 | D14: Paciente 13
B15: ARANGO ARANGO NESTOR | C15: 17056253 | D15: Paciente 14
B16: LOPEZ RIVEROS LUCIO EDUARDO | C16: 17320003 | D16: Paciente 15
B17: BERNATE USECHE ALVARO | C17: 19062997 | D17: Paciente 16
... B28: ESPINOSA DE SANABRIA ELVIRA | C28: 20291102 | D28: Paciente 27
C29: 20293156 | D29: Paciente 28
B30: DE CASTRO DE ANGARITA MARIA MARGARITA | C30: 20294769 | D30: Paciente 29
B31: HERNANDEZ EDILMA | C31: 21108711 | D31: Paciente 30
B32: RUIZ ARAMBURU MARLENY ISABEL | C32: 24921119 | D32: Paciente 31
B33: ORTEGA DE GALLO MIARIA ALICIA | C33: 28942704 | D33: Paciente 32
B34: LUQUE DE DELGADO AURORA | C34: 29631639 | D34: Paciente 33
B35: FERNANDEZ DE NAVARRO MARIA G | C35: 29640273 | D35: Paciente 34
B36: ESPITIA SEGURA JOSE HUMBERTO | C36: 32220077 | D36: Paciente 35
B37: LOPEZ RUIZ OLGA ALEXANDRA | C37: 35499116 | D37: Paciente 36
B38: LOPEZ RUIZ OLGA ALEXANDRA | C38: 35499161 | D38: Paciente 37
C39: 35499161 | D39: Paciente 38
B40: JUAJIBOY DEJOY MARIA CLARA | C40: 39820094 | D40: Paciente 39
B41: CARO ALONSO ELSA LEONOR | C41: 41327387 | D41: Paciente 40
B42: RUBIANO DE CASTAÑO BEARIZ | C42: 41357180 | D42: Paciente 41
B43: REYES MORA FLOR ELISA | C43: 41416467 | D43: Paciente 42
B44: PULIDO MARTHA ABDELMUR | C44: 41498720 | D44: Paciente 43
C45: 41691331 | D45: Paciente 44
B46: ARCILA GARCIA ALEJANDRA MARIA | C46: 41953248 | D46: Paciente 45
B47: LOZANO EUNICE | C47: 51811217 | D47: Paciente 46
B48: BELTRAN HERNANDEZ DIANA CECILIA | C48: 52423220 | D48: Paciente 47
B49: CHAPARRO TORRES DIANA MARCELA | C49: 52515907 | D49: Paciente 48
B50: LASPRILLA ANDREA | C50: 52518432 | D50: Paciente 49
B51: SOSA BONILLA JOHANA | C51: 52877828 | D51: Paciente 50
B52: BERMONT QUIROGA ASTRID MARITZA | C52: 53121997 | D52: Paciente 51
B53: FUQUENE ARDILA MARCO TULIO | C53: 79470544 | D53: Paciente 52
B54: VELASQUEZ CAIRO ANDRES | C54: 79657252 | D54: Paciente 53
B55: VELASQUEZ CASTRO ANDRES | C55: 79657252 | D55: Paciente 54
B56: GARZON LINARES ANGEL MARIA | C56: 79874883 | D56: Paciente 55
B57: GUTIERREZ ARANGO ANDRES | C57: 86044123 | D57: Paciente 56
... B69: PEREZ ROSADA DANIELA | C69: 99101222188492 | D69: Paciente 68

Sheet 10. Analisis
A2: COMP | B2: C INDIR TRANS | C2: C DIRECTO TRANS | D2: COSTO TOTAL | F2: INDIRECTOS: PACIENTE
A3: CUP | B3: 225423 | C3: 767162 | D3: =C3+B3 -> 992585 | F3: DIRECTOS: INSTITUCION
A4: PE | B4: 152545 | C4: 526985 | D4: =C4+B4 -> 679530 | F4: INVALIDO NO COMPARABLE
A8: VALOR DEL TRATAMIENTO PARA LA INSTITUCION
A9: COMP | B9: CMT | C9: PROMEDIO P E T | D9: C DIRECTO TRANS | E9: VALOR TRATAMIENTO
A10: CUP | B10: 1.2 | C10: 1 | D10: 767162 | E10: =D10*C10*B10 -> 920594.4
A11: PE | B11: 6.4 | C11: 3.1 | D11: 152545 | E11: =D11*C11*B11 -> 3026492.8
A13: EL valor del tratamiento = (CMT x CD) x PET De tal forma el costo del tratamiento con Plaquetas Estandar es superior al Costo del tratamiento con Plaquetas por Aféresis.
A15: Razon costo - Beneficio= | C15: =(E11-E10)/E10 -> 2.287542
A16: AHORRO= DIFERENCIA DEL VALOR DEL TTO CON CUP Y PE. EL COSTO DEL TTO CON PE ES SUPERIOR AL COSTO DEL TTO CON CUP. EL RESULTADO ES EL VALOR MONETARIO DE COSTOS DIRECTOS QUE AHORRA LA INSTITUCIÓN AL TRANSFUNDIR CUP
A19: C indirecto | B19: PE | C19: CUP PA | E19: salario 2009 | F19: 497000
A20: Incapacidad | B20: =16866*0.25*3.1 -> 13071.15 | C20: =16866*0.25*1 -> 4216.5 | E20: salario 2010 | F20: 515000
E21: promedio | F21: 506000
E22: día laboral | F22: =506000/30 -> 16866.667
A26: VALOR DEL TRATAMIENTO PARA EL PACIENTE
A27: COMP | B27: COSTO INDIRECTO | C27: PET | D27: COSTO TOTAL INDI | E27: AHORRO
A28: CUP | B28: 225423 | C28: 1 | D28: =C28*B28 -> 225423 | E28: =(D29-D28) -> 1408230.5
A29: PE | B29: 526985 | C29: 3.1 | D29: =C29*B29 -> 1633653.5
A31: COSTO TOTAL INDIRECTO= RESULTADO DEL COSTO INDIRECTO ATRIBUIBLE AL PACIENTE POR CADA EVENTO TRANSFUSIONAL. EL PACIENTE GASTA CON PE 1.339.557,5 Y CON CUP 224.551,6
A34: AHORRO= DIFERENCIA DE COSTOS INDIRECTOS DE LOS CASOS DE CUP Y PE, EL RESULTADO ES EL VALOR MONETARIO AHORRADO POR EL PACIENTE SI ES TRANSFUNDIDO CON CUP.
B38: V COMPRA OI | C38: PAGO EPS | D38: REDUCCION DE COSTOS | G38: V COMPRA OI | H38: V CRC | I38: V FUHECO | K38: VALOR PROME
A39: CUP | B39: 575000 | C39: 340587.5 | D39: =C39-B39 -> -234412.5 | G39: CUP | H39: 600000 | I39: 550000 | K39: 575000
A40: PE | B40: 33665 | C40: 71082.5 | D40: =C40-B40 -> 37417.5 | G40: PE | H40: 35000 | I40: 32330 | K40: 33665
A43: REDUCCION DE COSTOS= COSTO QUE ASUME EL BANCO DE SANGRE POR LA COMPRA DE CUP A OTRAS INSTITUCIONES $234412,5 . EN EL CASO DE PE EL BANCO DE SANGRE ADQUIERE UNA GANANCIA DE 37417,5
A46: DISMINUIR COSTOS EN EL BANCO DE SANGRE POR COMPRA DE COMPONENTES. LA REDUCCION DE COSTOS SE REALIZARIA SI EL BANCO DE SANGRE NO COMPRARA EL COMPONENTE CUP.
